Cogmind - Beta 15 @@@ ROGUE MODE // 2025.05.27 @ 05:18:33 Player: Wyvric Result: Establishing 0b11! Performance ------------- Evolutions (9) 4500 Regions Visited (26) 5200 Robots Destroyed (597) 2985 Value Destroyed (36479) 36479 Prototype IDs (379) 7580 Alien Tech Used (9) 1800 Bonus (78769) 78769 TOTAL SCORE: 137313 Bonus ------- Triggered High Security 1000 High Alert Combat Kills 13392 Follower Combat Kills 396 Met Zhirov 300 Met Warlord at Base 500 MAIN.C Attacked Warlord 500 Warlord Defense Kills 954 Met Warlord at Research 2000 Scanned by Researcher 500 Destroyed Superfortress 15000 Recovered Sigix Corpse 2000 Destroyed MAIN.C Guards 500 Met MAIN.C 5000 Destroyed MAIN.C Shell 5000 Destroyed MAIN.C 10000 Met Architect 300 Destroyed A8 300 Destroyed A6 400 Destroyed A5 500 Destroyed A4 700 Destroyed A3 800 Destroyed A2 1000 Destroyed Architect 15000 Win 3000 Friendly Fire -273 Cogmind --------- Core Integrity 517/1600 Matter 216/300 Energy 4880/4888 System Corruption 0% Temperature Cool (3) Movement Walking (72) Location 0b11 Command Parts ------- > --- POWER (3) -------- Point-Quantum Reactor > --- PROPULSION (6) --- Armored-HC Exoskeleton > --- UTILITY (12) ----- Armored Scrap Engine Concept Thermoelectric Network Concept Antigrav Storage Unit Concept Weapon Articulator Experimental Core Analyzer Improved Armor Integrity Analyzer Experimental Phase Shifter Centrium Heavy Armor Plating AEGIS Remote Shield > --- WEAPON (4) ------- Shotgun Thermal Graviton Construct/C > --- INVENTORY (25) --- Hybrid Graviton Reactor Hybrid Graviton Reactor Cooled Antigrav System Desublimator Concept Phasing Heat Sink Advanced Coolant Injector Advanced Coolant Injector Advanced Coolant Injector Experimental Coolant Injector Concept Chromion Battery (800) Experimental Matter Compressor (500) Concept NT7 Matterbank (189) Experimental Targeting Computer Concept Networked Targeting System Experimental Core Analyzer Particle Accelerator Mini Quantum Capacitor Mini Quantum Capacitor Experimental Weapon Cycler Advanced Force Field Concept Matter Streamer Concept Impact Drone Bay (4/6) Sigix Corpse Peak State ------------ > --- POWER ------------ Point-Quantum Reactor > --- PROPULSION ------- Armored-HC Exoskeleton > --- UTILITY ---------- Armored Scrap Engine Concept Phasing Heat Sink Concept Antigrav Storage Unit Concept Weapon Articulator Concept Core Analysis Suite Mini Quantum Capacitor SHELL Armor Experimental Remote Shield Concept Impact Drone Bay > --- WEAPON ----------- Shotgun Thermal Graviton Construct/C > --- INVENTORY -------- Hybrid Graviton Reactor Hybrid Graviton Reactor Cooled Q-thruster Advanced Cooling System Advanced Cooling System Advanced Coolant Injector Concept Thermoelectric Network Concept Chromion Battery Concept NT7 Matterbank Concept Networked Targeting System Experimental Core Analyzer Particle Accelerator Mini Quantum Capacitor Concept Reaction Jets Graphene Brace Concept Network Penetrator Concept Matter Streamer Transdimensional Reconstructor Concept Lightning Penetrator Concept Variable Chargecaster Concept Variable Chargecaster Concept Variable Chargecaster Compact Linear Accelerator Compact Linear Accelerator Concept Helical Railcannon [Rating: 275] Favorites ----------- Power Constructs Engine Ion Engine Power Core Meta Core Reactor Constructs Propulsion Constructs Treads Advanced Treads Leg Constructs Wheel Armored Wheel Utility Armored Scrap Engine Device Armored Scrap Engine Storage Huge Storage Unit Processor Experimental Core Analyzer Hackware Improved Hacking Suite Protection SHELL Armor Weapon Constructs Energy Gun Constructs Energy Cannon Constructs Ballistic Gun Enhanced Autogun Ballistic Cannon Constructs Launcher Heavy Proton Missile Launcher Special Weapon Multitool Impact Weapon Mace Slashing Weapon Phasing Sabre Piercing Weapon Vortex Lance Build | -11 -10 -10 -8 -7 -7 -7 -5 -5 -5 -5 -4 -4 -4 -4 -4 -4 -4 -3 -3 -3 -2 -2 -2 -1 -1 -1 ------- Run | Yrd Mat Sub Mat Fac Sto Rec Fac Upp Upp War Pro Fac Was Fac Upp Upp Zhi Pro Res Tes Res Qua Frg Acc Com Ac0 Slots Evolved 18 | . . . 4 2 . . 4 . . . . 2 . . . . . . 2 . 2 . . 2 . . Power 2 | . . . . . . . 1 . . . . . . . . . . . 1 . . . . . . . Propulsion 4 | . . . 2 2 . . . . . . . . . . . . . . . . . . . . . . Utility 10 | . . . 2 . . . 2 . . . . 1 . . . . . . 1 . 2 . . 2 . . Weapon 2 | . . . . . . . 1 . . . . 1 . . . . . . . . . . . . . . Parts Attached 251 | 6 11 9 32 7 13 4 8 4 2 10 4 1 3 25 10 1 3 2 13 11 17 7 21 9 14 4 Power 11 | 1 1 1 5 . . . 1 . . . . . . . . . . . 1 . . . . . 1 . Engine 6 | 1 1 1 2 . . . 1 . . . . . . . . . . . . . . . . . . . Core 3 | . . . 3 . . . . . . . . . . . . . . . . . . . . . . . Reactor 2 | . . . . . . . . . . . . . . . . . . . 1 . . . . . 1 . Propulsion 21 | 2 1 1 10 . 7 . . . . . . . . . . . . . . . . . . . . . Treads 16 | 2 1 1 6 . 6 . . . . . . . . . . . . . . . . . . . . . Leg . | . . . . . . . . . . . . . . . . . . . . . . . . . . . Wheel 5 | . . . 4 . 1 . . . . . . . . . . . . . . . . . . . . . Hover . | . . . . . . . . . . . . . . . . . . . . . . . . . . . Flight . | . . . . . . . . . . . . . . . . . . . . . . . . . . . Utility 165 | 1 5 4 6 6 3 4 6 2 2 4 1 1 2 15 4 1 3 1 12 11 17 7 21 9 13 4 Device 104 | . 1 2 3 3 2 4 3 1 2 3 . . 2 8 2 . 1 . 8 4 12 7 15 9 8 4 Storage 9 | 1 1 . 1 . . . . . . . . . . 2 . . 1 . . . . . 2 . 1 . Processor 20 | . 1 . . 2 . . 2 . . . . . . 4 . . . 1 1 3 2 . 2 . 2 . Hackware 6 | . . . . . . . 1 . . . . 1 . . . . . . 3 . 1 . . . . . Protection 26 | . 2 2 2 1 1 . . 1 . 1 1 . . 1 2 1 1 . . 4 2 . 2 . 2 . Artifact . | . . . . . . . . . . . . . . . . . . . . . . . . . . . Weapon 54 | 2 4 3 11 1 3 . 1 2 . 6 3 . 1 10 6 . . 1 . . . . . . . . Energy Gun 16 | 2 4 1 . . . . . . . 1 1 . . 3 3 . . 1 . . . . . . . . Energy Cannon 8 | . . 1 1 . . . 1 1 . 2 . . 1 1 . . . . . . . . . . . . Ballistic Gun 9 | . . . 4 . 1 . . . . . 2 . . 1 1 . . . . . . . . . . . Ballistic Cannon 9 | . . . 4 1 2 . . . . . . . . 1 1 . . . . . . . . . . . Launcher 3 | . . . . . . . . . . 2 . . . 1 . . . . . . . . . . . . Special Weapon 2 | . . . 1 . . . . . . 1 . . . . . . . . . . . . . . . . Impact Weapon 2 | . . 1 1 . . . . . . . . . . . . . . . . . . . . . . . Slashing Weapon 3 | . . . . . . . . 1 . . . . . 1 1 . . . . . . . . . . . Piercing Weapon 2 | . . . . . . . . . . . . . . 2 . . . . . . . . . . . . Special Melee Weapon . | . . . . . . . . . . . . . . . . . . . . . . . . . . . Unidentified Prototypes 46 | . . . 2 . 1 1 . . . 3 . . 1 5 . . 4 1 1 5 3 2 12 . 3 2 Parts Lost 17 | . 2 . . . . . 2 1 . 1 . . . 2 1 . . 1 1 . . . . 3 2 1 Power 3 | . 1 . . . . . 1 . . . . . . . . . . . . . . . . . 1 . Propulsion 1 | . 1 . . . . . . . . . . . . . . . . . . . . . . . . . Utility 11 | . . . . . . . . 1 . . . . . 2 1 . . 1 1 . . . . 3 1 1 Weapon 2 | . . . . . . . 1 . . 1 . . . . . . . . . . . . . . . . Highest Loss Streak 2 | . 1 . . . . . 2 1 . 1 . . . 1 1 . . 1 1 . . . . 2 2 1 To Critical Strikes . | . . . . . . . . . . . . . . . . . . . . . . . . . . . Average Backups 21 | 3 9 6 18 24 24 23 23 23 24 23 23 24 23 23 23 24 24 24 24 22 20 22 23 23 22 23 Power 1 | . 1 . . 1 . . . 1 1 1 2 2 2 1 1 4 3 1 . 1 1 1 1 2 2 2 Propulsion 3 | 2 4 . 3 3 11 4 5 4 2 3 4 4 4 3 4 5 5 6 8 4 2 1 . . 1 1 Utility 9 | . 1 2 4 6 2 4 10 8 10 10 10 10 10 10 11 11 12 12 13 14 12 14 16 13 15 18 Weapon 6 | . 3 2 8 13 9 12 5 8 9 7 6 6 6 6 4 2 2 1 . 2 3 1 2 6 1 1 Tool/Special . | . . . . . . . . . . . . . . . . . . . . . . . . . . . Unused Backups 251 | . 4 3 17 3 10 23 12 4 5 15 1 . . 17 7 6 6 3 15 11 17 9 30 3 14 16 Power 14 | . . . . . . . . . . 1 . . . 2 . 1 3 . 1 1 . . 3 . 1 1 Propulsion 70 | . 1 2 4 . 4 17 . 2 . 1 . . . 2 1 1 2 . 8 4 12 4 1 . 3 1 Utility 71 | . 1 1 6 2 1 2 8 1 3 3 . . . 3 . . 1 . 3 4 2 2 14 2 1 11 Weapon 96 | . 2 . 7 1 5 4 4 1 2 10 1 . . 10 6 4 . 3 3 2 3 3 12 1 9 3 Tool/Special . | . . . . . . . . . . . . . . . . . . . . . . . . . . . Average Slot Usage (%) 59 | . 99 86 94 99 99 56 56 53 47 48 46 49 51 51 49 47 48 48 50 46 48 50 44 47 50 51 Engine 1 | . 13 14 1 . . . 4 1 . . . . . . . . . . . . . . . . . . Core 2 | . . . 7 6 6 6 4 3 5 5 1 5 2 . 4 5 5 1 . . . . . . . . Reactor 1 | . . . . . . . . . . . 3 . 2 5 . . . 3 7 4 4 4 4 4 5 4 Treads 9 | . 28 28 26 30 27 14 . . . . 4 5 5 4 . 4 5 3 . . . 4 3 4 2 . Wheel 1 | . . . 9 12 15 3 . . . . . . . . . . . . 4 . . . . . . . Hover 1 | . . . . . . 2 5 3 5 5 . . . . 5 . . . . . . . . . . . Device 13 | . 1 1 14 11 8 7 11 15 11 17 10 7 14 14 15 21 17 15 17 11 19 23 17 23 23 23 Storage 5 | . 14 1 8 6 6 6 5 5 5 5 5 5 5 5 5 5 5 5 4 4 4 4 4 4 4 4 Processor 4 | . 5 . . 8 12 1 8 5 . . . . . 6 7 5 5 8 8 7 8 8 5 4 5 8 Protection 3 | . 7 12 8 3 3 . . . 5 2 5 9 5 2 . . 2 . . . 1 . 3 3 3 4 Energy Gun 2 | . 28 13 . . . . . 7 5 . 1 . . . . . . . . . . . . . . . Energy Cannon 2 | . . 5 2 . . . 10 1 1 2 4 . 8 3 4 . 5 6 3 . 2 . . 4 2 2 Ballistic Gun 1 | . . . 6 6 6 3 . . . . 1 8 1 . . . . . . . . . . . . . Ballistic Cannon 3 | . . . 6 8 11 6 . 2 3 5 3 5 5 2 3 4 . 1 . 3 1 4 3 . 2 1 Peak Build Rating 275 | 6 11 13 52 65 71 73 81 105 106 118 127 126 139 151 147 143 137 141 162 188 207 216 253 275 274 275 Average Rating 123 | 4 7 12 33 62 63 53 77 95 105 110 119 122 135 140 134 134 128 131 154 171 197 205 234 268 266 270 On Entrance 120 | . 6 11 12 52 63 71 59 75 104 106 115 117 123 138 147 135 129 137 141 148 180 202 204 249 256 270 Naked Turns . | . . . . . . . . . . . . . . . . . . . . . . . . . . . Heaviest Build 190 | 14 32 36 112 116 112 111 116 135 135 146 144 142 147 147 138 132 128 156 190 155 164 186 186 180 170 184 Greatest Support 319 | 40 40 40 88 24 146 146 75 75 45 45 127 127 127 265 265 319 319 319 165 131 183 149 284 253 276 287 Greatest Overweight (x) 7 | . . . 4 4 4 7 1 2 2 3 3 1 1 1 . . . . 1 1 2 1 1 . . . Average Overweight (x) . | . . . 1 4 2 1 1 1 2 2 1 1 1 . . . . . . 1 . . . . . . Largest Inventory Capacity 25 | 8 15 15 25 25 25 25 25 25 25 25 25 25 25 25 25 25 25 25 25 25 25 25 25 25 25 25 Average Capacity 23 | 6 10 6 19 25 25 25 25 25 25 25 25 25 25 25 25 25 25 25 25 25 25 25 25 25 25 25 Most Carried 25 | 6 15 15 25 25 25 25 25 25 25 25 25 25 24 25 25 25 25 25 25 25 25 25 25 25 25 25 Average Carried 22 | 4 9 6 18 24 24 23 24 24 24 24 24 24 23 24 23 24 23 24 24 24 23 24 24 23 23 24 Final Capacity 25 | 8 15 15 25 25 25 25 25 25 25 25 25 25 25 25 25 25 25 25 25 25 25 25 25 25 25 25 Final Carried 25 | 6 15 15 25 25 25 25 25 25 25 25 24 24 23 25 24 23 24 25 25 25 25 24 25 25 25 23 Scrap Engine Consumption 431 | . . . . . . 128 8 13 6 31 4 . 7 30 21 18 5 22 22 15 32 11 31 1 23 3 Constructs Created 6 | . . . . . . 3 3 . . . . . . . . . . . . . . . . . . . Constructs Modified 200 | . . . . . . 52 . 11 1 . 11 1 1 15 12 9 . 17 8 7 19 2 16 1 10 7 Class Distribution -------------------- 73% | Construct 18% | Mutant Dominant Class ---------------- Mutant | -10/Materials Mutant | -10/Subcaves Mutant | -8/Materials Mutant | -7/Factory Tank | -7/Storage Construct | -7/Recycling Construct | -5/Factory Construct | -5/Upper Caves Construct | -5/Upper Caves Construct | -5/Warlord Construct | -4/Proximity Caves Construct | -4/Factory Construct | -4/Waste Construct | -4/Factory Construct | -4/Upper Caves Construct | -4/Upper Caves Construct | -4/Zhirov Construct | -3/Proximity Caves Construct | -3/Research Hacker-Construct | -3/Testing Construct | -2/Research Construct | -2/Quarantine Construct | -2/Protoforge Construct | -1/Access Construct | -1/Command Construct | -1/Access_0 Resources | -11 -10 -10 -8 -7 -7 -7 -5 -5 -5 -5 -4 -4 -4 -4 -4 -4 -4 -3 -3 -3 -2 -2 -2 -1 -1 -1 ----------- Run | Yrd Mat Sub Mat Fac Sto Rec Fac Upp Upp War Pro Fac Was Fac Upp Upp Zhi Pro Res Tes Res Qua Frg Acc Com Ac0 Matter Collected 24638 | 187 196 241 719 250 813 1334 131 1054 106 373 350 20 366 1113 784 386 232 927 342 629 754 474 2058 2617 2510 5672 Remotely 3871 | . . . . . . . . . . . . . . . . . . . . . . . . 978 596 2297 Salvage Created 41190 | . 523 556 739 250 602 4493 189 630 . 456 537 20 1342 1449 612 1446 80 886 1476 845 821 2433 7746 6055 2904 4100 Parts 1777 | . 33 35 27 8 27 205 10 13 . 30 24 1 20 68 23 45 6 42 75 55 26 87 315 274 86 242 Haulers Intercepted 7 | . . . 1 . . 1 . . . . . . . 1 . . . . . . . 1 . 3 . . Recyclers Shooed 15 | . . . . . 1 11 . . . . . . . 1 . . . . . . . 1 . 1 . . Parts Field Recycled . | . . . . . . . . . . . . . . . . . . . . . . . . . . . Retrieved Matter . | . . . . . . . . . . . . . . . . . . . . . . . . . . . Parts Self-Destructed 97 | . . 25 . . . . . 17 . . 21 . . . 8 7 4 15 . . . . . . . . Prevented 62 | . . . . . . . . 2 . . . . . . 1 37 . 22 . . . . . . . . Kills | -11 -10 -10 -8 -7 -7 -7 -5 -5 -5 -5 -4 -4 -4 -4 -4 -4 -4 -3 -3 -3 -2 -2 -2 -1 -1 -1 ------- Run | Yrd Mat Sub Mat Fac Sto Rec Fac Upp Upp War Pro Fac Was Fac Upp Upp Zhi Pro Res Tes Res Qua Frg Acc Com Ac0 Combat Hostiles Destroyed 483 | . 15 13 13 2 17 21 3 9 . 8 13 . 5 18 6 18 . 18 21 11 14 24 86 79 27 42 Melee 1 | . . . . . . . . . . . . . . 1 . . . . . . . . . . . . Guns 52 | . 15 11 4 1 5 13 . 3 . . . . . . . . . . . . . . . . . . Cannons 376 | . . 2 7 1 12 8 3 . . 5 12 . 5 17 5 2 . 3 21 11 12 23 84 77 24 42 AOE 24 | . . . . . . . . . . 3 1 . . . . 6 . 12 . . . 1 1 . . . Classes Destroyed 32 | . 4 2 6 1 1 2 . 1 . . . 1 1 1 . . . 1 . . 1 3 6 1 . . Worker 22 | . 1 . 7 1 1 4 . . . . . . . 1 . . . . 1 . . 3 1 2 . . Builder 26 | . . . 1 . . 21 . . . . . . . 1 . . . . . 1 . 1 . 1 . . Tunneler 4 | . 1 . . . . 2 . . . . . . . 1 . . . . . . . . . . . . Hauler 7 | . . . 1 . . 1 . . . . . . . 1 . . . . . . . 1 . 3 . . Recycler 34 | . . . 1 2 3 25 . . . . . . . 1 . . . . . . . . . 2 . . Carrier 4 | . . . . . . . . . . . . . . . . . . . . . . . 2 2 . . Minesweeper 1 | . . . . . . . . 1 . . . . . . . . . . . . . . . . . . Mechanic 4 | . . . . . . . . . . . . . . . . . . . . . . . 4 . . . Operator 4 | . . . . . . . . . . . . 1 . 1 . . . . 1 . . . 1 . . . Drone 8 | . . . . . . . . . . . . . . . . . . 2 . . . . 6 . . . Watcher 6 | . . . . 1 . . . . . . . . . . . . . . 1 2 . 1 1 . . . Swarmer 45 | . 5 . . . . 1 . . . 1 8 . . . 1 1 . 10 3 . 5 . . 10 . . Cutter 17 | . . . . . . . . . . . . . . . . . . . . . . . . 13 4 . Saboteur 5 | . . . . . . . . . . . . . . . . . . . . . . . 2 3 . . Grunt 128 | . 10 5 5 . 7 1 . 4 . 2 5 . . 7 1 10 . 4 10 2 1 5 29 17 3 . Brawler 16 | . . . 1 . . 2 . 1 . 1 . . . . . 2 . . . . . . 5 3 1 . Duelist 8 | . . . 1 . . 1 . . . 1 . . . . . 1 . 1 . . . . 2 1 . . Protector 7 | . . . . . . 6 . . . . . . . . . . . . . . . . 1 . . . Researcher 6 | . . . . . . . . . . . . . . . . . . . . . . 1 5 . . . Sentry 42 | . . 1 5 2 7 4 1 1 . . . . . 1 1 2 . . 1 . 3 2 11 . . . Demolisher 6 | . . . . . . 2 . . . . . . . . . . . . . . . . . 2 2 . Specialist 12 | . . . . . . . . . . . . . . . . . . . . . . 3 . 9 . . Hunter 30 | . . . 1 . 2 1 . . . . . . . . 2 2 . . . 4 . 2 2 4 10 . Programmer 60 | . . . . . 1 . 2 . . 3 . . . 9 1 . . 1 7 5 2 11 10 7 1 . Heavy 2 | . . . . . . . . . . . . . . . . . . . . . . . . 2 . . Behemoth 1 | . . . . . . . . . . . . . . 1 . . . . . . . . . . . . Compactor 5 | . . . . . . . . . . . . . 5 . . . . . . . . . . . . . M Guard 2 | . . . . . . . . . . . . . . . . . . . . . . . . . 2 . Enhanced Grunt 25 | . . . . . . . . . . . . . . . . . . . . . . . . . . 25 Enhanced Sentry 2 | . . . . . . . . . . . . . . . . . . . . . . . . . . 2 Enhanced Hunter 8 | . . . . . . . . . . . . . . . . . . . . . . . . . . 8 Hotshot 4 | . . . . . . . . . . . . . . . . . . . . . . . 4 . . . Decapitator 4 | . . . . . . . . . . . . . . . . . . . . . . . 4 . . . Immortal 3 | . . . . . . . . . . . . . . . . . . . . . . . 3 . . . Combat Programmer 2 | . . . . . . . . . . . . . . . . . . . . . . . . . 2 . Striker 11 | . . . . . . . . . . . . . . . . . . . . . 3 . . 8 . . Alpha 7 2 | . . . . . . . . . . . . . . . . . . . . . . . 2 . . . Fortress 1 | . . . . . . . . . . . . . . . . . . . . . . 1 . . . . V-Series 4 | . . . . . . . . . . . . . . . . . . . . . . . 4 . . . Subdweller 10 | . . 7 . . . 3 . . . . . . . . . . . . . . . . . . . . Decomposer 4 | . . . . . . . . . . . . . . . 4 . . . . . . . . . . . Thug 1 | . . . . . . . . 1 . . . . . . . . . . . . . . . . . . Butcher 3 | . . . . . . . . 3 . . . . . . . . . . . . . . . . . . Bouncer 1 | . . . . . . . . . . 1 . . . . . . . . . . . . . . . . Best Kill Streak 46 | . 3 2 5 2 5 11 2 3 . 3 5 1 3 4 3 5 . 6 9 3 5 13 15 46 8 6 Combat Bots Only 40 | . 3 2 4 1 4 4 2 3 . 3 5 . 3 4 3 5 . 6 9 3 5 8 14 40 8 6 Max Kills in Single Turn 4 | . 1 1 1 1 1 2 1 1 . 2 1 1 1 1 1 2 . 4 1 1 2 3 2 2 1 2 Gunslinging . | . . . . . . . . . . . . . . . . . . . . . . . . . . . Exploded 4 | . . . . . . . . . . 1 1 . . . . 2 . 4 . . . 1 1 . . . Melee 1 | . . . . . . . . . . . . . . 1 . . . . . . . . . . . . Uniques/NPCs Destroyed 10 | . . . . . . . . . . . . . . . . . . . . . . . 1 . 2 7 Superfortress (-2/Protoforge) MAIN.C Shell (-1/Command) MAIN.C (-1/Command) A8 (-1/Access_0) A6 (-1/Access_0) A2 (-1/Access_0) A5 (-1/Access_0) A4 (-1/Access_0) Architect (-1/Access_0) A3 (-1/Access_0) Combat | -11 -10 -10 -8 -7 -7 -7 -5 -5 -5 -5 -4 -4 -4 -4 -4 -4 -4 -3 -3 -3 -2 -2 -2 -1 -1 -1 -------- Run | Yrd Mat Sub Mat Fac Sto Rec Fac Upp Upp War Pro Fac Was Fac Upp Upp Zhi Pro Res Tes Res Qua Frg Acc Com Ac0 Hostile Shots Fired 2963 | . 71 66 63 42 133 59 50 39 . 12 166 . . 202 18 61 . 125 214 78 50 99 377 243 210 585 Missed 1004 | . 19 13 17 16 33 16 9 6 . 6 43 . . 56 5 30 . 38 73 26 19 32 104 80 54 309 Hits 1959 | . 52 53 46 26 100 43 41 33 . 6 123 . . 146 13 31 . 87 141 52 31 67 273 163 156 276 Melee 43 | . . . . . . . . 9 . 1 . . . . . . . . . . . . 2 15 11 5 Projectile 1916 | . 52 53 46 26 100 43 41 24 . 5 123 . . 146 13 31 . 87 141 52 31 67 271 148 145 271 AOE 43 | . . . . . . 4 . . . . . . . . . . . . . . 2 . 9 7 21 . Critical Strikes 125 | . . 2 2 . 2 . 6 4 . 2 2 . . 13 . 3 . 4 5 3 2 . 23 12 19 21 Actively Blocked 20 | . . . . . . . . . . . . . . . . . . . . . . . . 7 13 . Part Disruptions 3 | . . . . . . . . . . . . . . . . . . . . . . . . 1 2 . Damage Taken 33330 | . 582 729 543 128 692 398 818 848 . 312 1887 . . 2313 182 306 . 1701 2072 859 676 1289 5009 3260 4153 4573 Core 1891 | . 108 105 67 13 12 7 40 91 . . 132 . . 153 10 . . 154 35 28 92 57 300 126 98 263 Absorbed by Shields 13988 | . . 54 189 60 293 162 34 . . 11 204 . . 1006 137 323 . 662 896 205 374 388 2066 1167 1749 4008 Reduced by Siege Mode 21 | . . . . . . . . . . . . . . . . . . . . . . 21 . . . . Redirected to Shielding 153 | . . . . . . . . . . . . . . . . . . 153 . . . . . . . . Ignored by Resistances 781 | . . . . . . . . . . . . . . . . . . . . . . 199 30 242 260 50 Regen/Repaired (Parts) 23995 | . . . 49 . . 10 56 894 76 . 729 76 81 874 211 411 . 1268 985 1130 629 863 4359 1774 5401 4119 Core Remaining (%) 70 | 100 . 14 87 . . 95 . . . . 73 . . . . . . 72 . 95 . . 64 . . 32 Volleys Fired 1920 | . 50 38 38 9 41 268 42 68 4 30 51 2 26 102 47 39 11 44 99 77 35 94 243 131 85 246 Largest 3 | . 2 2 2 3 3 3 3 2 1 1 1 1 3 1 1 1 1 1 1 1 1 1 1 1 1 1 Hottest 497 | . 100 130 148 99 99 104 194 138 198 91 91 91 242 75 293 127 30 132 132 183 183 183 183 154 154 497 Shots Fired 2225 | . 102 75 75 23 119 315 50 75 4 30 51 2 68 95 49 36 11 42 98 77 35 94 239 129 85 246 Gun 461 | . 102 70 28 9 41 165 3 43 . . . . . . . . . . . . . . . . . . Cannon 1659 | . . 5 47 14 78 150 47 6 4 24 51 2 68 95 24 12 . 29 98 77 35 94 239 129 85 246 Launcher 43 | . . . . . . . . . . 6 . . . . . 24 . 13 . . . . . . . . Special 62 | . . . . . . . . 26 . . . . . . 25 . 11 . . . . . . . . . Kinetic 1238 | . . . 56 23 119 314 43 . . 20 51 2 24 64 6 12 . 2 52 73 22 94 225 . 36 . Thermal 748 | . 81 75 19 . . 1 7 32 4 3 . . 44 31 34 . 11 25 46 . . . . 40 49 246 Explosive . | . . . . . . . . . . . . . . . . . . . . . . . . . . . Electromagnetic 136 | . 21 . . . . . . 43 . 7 . . . . 9 24 . 15 . 4 13 . . . . . Entropic 103 | . . . . . . . . . . . . . . . . . . . . . . . 14 89 . . Robot Hit Streak 35 | . 26 16 18 10 12 18 5 16 . 7 8 2 11 7 8 5 12 17 12 16 7 23 25 18 35 22 Robot Miss Streak 9 | . 2 2 9 4 6 7 5 8 . 3 5 1 3 9 3 5 . 2 3 2 1 2 4 2 3 4 Penetration Max 2 | . . . . . . 1 . . . . . . . . . . . . . . 1 . 2 1 1 . Secondary Targets 3 | . 2 1 . . . . . . . . . . . . . . . . . . . . . . . . Max Gunslinging Chain 1 | . 1 1 . . . . . . . . . . . . . . . . . . . . . . . . Capacitor 331 | . . . . . . . . . . . . . . . . . . . . . . . 14 121 42 154 Shots Hit Robots 1534 | . 72 57 70 21 94 231 26 64 . 17 28 2 48 71 32 19 11 28 43 18 18 46 160 102 64 192 Core Hits 971 | . 29 21 41 23 114 156 6 63 . 23 10 . 11 33 16 30 3 31 16 9 11 24 89 71 28 113 Critical Kills 19 | . . . 1 . . . . . . . . . . . 2 . . . . . . . 2 8 3 3 Critical Parts Destroyed 21 | . . . 3 1 . . . . . . . . . . . . . . . . . . 5 1 . 11 Critical Strikes 64 | . 5 5 4 1 1 . . . . . . . . 2 2 . . 2 . . . . 12 9 3 18 Burn 12 | . 5 5 . . . . . . . . . . . . . . . 2 . . . . . . . . Meltdown 6 | . . . 1 . . . . . . . . . . . . . . . . . . . . 2 3 . Destroy 40 | . . . . . 1 . . . . . . . . . 2 . . . . . . . 12 7 . 18 Smash 4 | . . . 3 1 . . . . . . . . . . . . . . . . . . . . . . Sunder 2 | . . . . . . . . . . . . . . 2 . . . . . . . . . . . . Melee Attacks 46 | . . 7 9 6 2 1 . . . . . . . 21 . . . . . . . . . . . . Impact 25 | . . 7 9 6 2 1 . . . . . . . . . . . . . . . . . . . . Slashing . | . . . . . . . . . . . . . . . . . . . . . . . . . . . Piercing . | . . . . . . . . . . . . . . . . . . . . . . . . . . . Entropic 21 | . . . . . . . . . . . . . . 21 . . . . . . . . . . . . Sneak Attacks 9 | . . . 8 1 . . . . . . . . . . . . . . . . . . . . . . Combat Hostiles . | . . . . . . . . . . . . . . . . . . . . . . . . . . . Follow-up Attacks 4 | . . . . . . . . . . . . . . 4 . . . . . . . . . . . . Damage Inflicted 203735 | . 937 951 1927 496 2076 6464 1313 1506 . 2033 2083 124 2534 5181 1094 2244 79 3290 6637 3608 4061 11726 43790 32164 17610 49807 Guns 6169 | . 912 841 438 117 370 2229 45 1217 . . . . . . . . . . . . . . . . . . Cannons 187338 | . . 110 852 318 1696 4231 1268 . . 1014 2000 124 2534 3482 962 218 . 1881 6637 3608 3884 11342 42144 31647 17579 49807 Explosions 7007 | . . . . . . . . 133 . 1019 83 . . 46 . 2026 . 1409 . . 177 280 1599 235 . . Melee 2293 | . . . 634 61 . . . . . . . . . 1598 . . . . . . . . . . . . Ramming 561 | . 25 . 3 . 10 4 . . . . . . . 55 . . . . . . . 104 47 282 31 . Kinetic 84459 | . . . 893 435 2066 6446 1278 . . 1014 2000 124 1383 2662 . 218 . 214 3244 3174 2666 11342 36506 . 8794 . Thermal 80418 | . 678 951 397 . . 14 35 289 . 438 83 . 1151 866 600 127 79 1716 3393 . 177 280 1599 8953 8785 49807 Explosive 40 | . . . . . . . . . . . . . . . . . . . . . . . . 40 . . Electromagnetic 7437 | . 234 . . . . . . 1217 . 581 . . . . 494 1899 . 1360 . 434 1218 . . . . . Impact 695 | . . . 634 61 . . . . . . . . . . . . . . . . . . . . . . Slashing . | . . . . . . . . . . . . . . . . . . . . . . . . . . . Piercing . | . . . . . . . . . . . . . . . . . . . . . . . . . . . Entropic 30125 | . . . . . . . . . . . . . . 1598 . . . . . . . . 5638 22889 . . Highest Corruption 43 | . 3 3 . . 1 1 10 10 10 7 . . 31 43 43 41 41 41 4 4 . 1 23 8 14 . Average Corruption 11 | . 2 3 . . 1 1 9 10 8 7 . . 17 35 40 41 41 41 2 4 . 1 10 4 11 . Corruption Purged 24 | . . . . . . . . . 3 . . . . 3 4 . . . . . . . . . 14 . Corruption Blocked . | . . . . . . . . . . . . . . . . . . . . . . . . . . . Effects 733 | . 22 44 . . 2 62 8 90 38 . . . 22 87 80 60 7 74 15 27 . 5 62 8 20 . Message Errors 179 | . 4 12 . . 1 12 . 24 11 . . . 4 22 26 10 3 16 4 6 . 2 17 3 2 . Matter Fused 168 | . 3 7 . . . 19 3 21 11 . . . 5 15 16 14 3 24 3 6 . 1 14 . 3 . Heat Flow Errors 85 | . 4 4 . . . 6 1 9 2 . . . 1 9 9 9 . 9 3 4 . . 9 . 6 . Energy Discharges 84 | . 3 7 . . . 9 . 10 5 . . . 2 6 12 8 . 9 . 5 . 1 4 1 2 . Parts Rejected 9 | . . . . . . . . 1 . . . . . 4 . 1 . 1 . . . . 1 . 1 . Parts Fused 7 | . . . . . . . . 1 1 . . . . 1 1 . . 1 . 1 . . 1 . . . Data Loss (minor) 87 | . 4 5 . . 1 7 . 12 4 . . . 2 12 8 6 1 7 3 4 . . 6 2 3 . Data Loss (major) 43 | . . 4 . . . 2 2 8 2 . . . 2 5 2 6 . 1 1 1 . . 5 . 2 . Misfires 13 | . 3 3 . . . 3 1 . . . . . . 1 2 . . . . . . . . . . . Alerts 25 | . . 2 . . . 2 . 3 2 . . . 1 2 3 3 . 4 . . . 1 1 . 1 . Misdirections 4 | . . . . . . . . . . . . . 1 2 1 . . . . . . . . . . . Weapon Failures 29 | . 1 . . . . 2 1 1 . . . . 4 8 . 3 . 2 1 . . . 4 2 . . Overload Shots . | . . . . . . . . . . . . . . . . . . . . . . . . . . . Overflow Damage 30602 | . . . 391 87 6 341 189 . . 49 256 24 . 291 171 . 10 22 1765 1135 567 2901 6956 7347 2639 5455 Projectiles 29964 | . . . . 26 6 341 189 . . 49 256 24 . 287 171 . 10 22 1765 1135 567 2863 6944 7215 2639 5455 Explosions 38 | . . . . . . . . . . . . . . . . . . . . . . 38 . . . . Melee 600 | . . . 391 61 . . . . . . . . . 4 . . . . . . . . 12 132 . . Knockbacks 228 | . . . 7 4 25 34 5 . . 3 18 2 . 34 . . . 1 3 4 4 9 61 3 11 . Impact 9 | . . . 1 1 . . . . . . . . . 1 . . . . . . . 2 1 3 . . Kinetic 205 | . . . 6 2 24 34 5 . . 3 17 2 . 28 . . . 1 3 4 3 6 56 . 11 . Secondary 14 | . . . . 1 1 . . . . . 1 . . 5 . . . . . . 1 1 4 . . . Self-Inflicted Damage 427 | . . . . . . 2 . . . 46 . . . 39 . . . 95 . 84 67 23 71 . . . Shots 10 | . . . . . . . . . . 1 . . . 1 . . . 3 . 1 1 1 2 . . . Rammed 21 | . 7 . 1 . 1 1 . . . . . . . 2 . . . . . . . 2 . 6 1 . Targets Rammed 27 | . 8 . 2 . 1 1 . . . . . . . 3 . . . . . . . 4 1 6 1 . Kicked . | . . . . . . . . . . . . . . . . . . . . . . . . . . . Crushed 6 | . 1 . 1 . . . . . . . . . . 1 . . . . . . . 2 1 . . . Highest Temperature 540 | . 255 254 231 94 183 440 222 259 240 245 375 140 324 364 396 236 . 306 286 332 346 327 311 364 540 485 Average Temperature 105 | . 85 51 105 37 60 91 87 88 100 87 42 72 99 106 126 100 . 108 56 87 114 77 114 133 171 132 Received Heat Transfer 3915 | . 207 219 204 32 198 48 134 234 . 9 200 . . 645 . 42 . 124 331 29 26 133 754 126 68 152 Effects 46 | . . . 1 . . 3 . . . . 1 . . 2 . . . 1 . . 3 . 3 5 22 5 Shutdowns 1 | . . . . . . 1 . . . . . . . . . . . . . . . . . . . . Energy Bleed 15 | . . . 1 . . 1 . . . . 1 . . . . . . 1 . . 1 . 1 3 5 1 Interference 27 | . . . . . . . . . . . . . . 2 . . . . . . 2 . 2 2 15 4 Matter Decay 1 | . . . . . . 1 . . . . . . . . . . . . . . . . . . . . Damage (minor) 2 | . . . . . . . . . . . . . . . . . . . . . . . . . 2 . Siege Activations 3 | . . . . . . . . . . . . . . . . . . . . . . 2 1 . . . Total Turns 30 | . . . . . . . . . . . . . . . . . . . . . . 25 5 . . . Longest Duration 17 | . . . . . . . . . . . . . . . . . . . . . . 17 5 . . . Martial Activations . | . . . . . . . . . . . . . . . . . . . . . . . . . . . Shielding Activations . | . . . . . . . . . . . . . . . . . . . . . . . . . . . Robots Disrupted . | . . . . . . . . . . . . . . . . . . . . . . . . . . . Combat Hostiles . | . . . . . . . . . . . . . . . . . . . . . . . . . . . Robots Corrupted 32 | . . . 4 1 . . . 7 . . . . . . 1 10 . 3 . . 2 . 1 3 . . Combat Hostiles 23 | . . . . . . . . 6 . . . . . . 1 10 . 3 . . 2 . 1 . . . Parts Fried 55 | . . . 7 1 . . . 2 . . . . . . 1 17 . 4 . 4 14 . 3 2 . . Impact Corruptions 24 | . . . 11 3 . . . . . . . . . . . . . . . . 1 1 3 5 . . Robots Melted 7 | . . . 2 . . . . . . . . . . . . . . . . . . . . 2 3 . Combat Hostiles 7 | . . . 2 . . . . . . . . . . . . . . . . . . . . 2 3 . Parts Melted 24 | . 4 3 1 . . 1 . . . 1 . . . . . . . . 1 . . . . 3 8 2 Heat Transferred 21485 | . 2309 2479 592 . . 74 37 675 . 363 50 . . 50 425 50 275 1250 962 . 150 200 1100 2050 1650 6744 Parts Sabotaged . | . . . . . . . . . . . . . . . . . . . . . . . . . . . Parts Stolen . | . . . . . . . . . . . . . . . . . . . . . . . . . . . Parts Stripped . | . . . . . . . . . . . . . . . . . . . . . . . . . . . Power Chain Reactions 28 | . . . . . . . . 1 . 4 1 . . 1 . 1 . 3 . . 2 2 12 1 . . Alert | -11 -10 -10 -8 -7 -7 -7 -5 -5 -5 -5 -4 -4 -4 -4 -4 -4 -4 -3 -3 -3 -2 -2 -2 -1 -1 -1 ------- Run | Yrd Mat Sub Mat Fac Sto Rec Fac Upp Upp War Pro Fac Was Fac Upp Upp Zhi Pro Res Tes Res Qua Frg Acc Com Ac0 Maximum Alert Level 5 | . . . . . 1 2 1 . . . . . . . . . . . 1 1 1 2 5 5 5 . Low Security (%) 49 | 100 100 . 100 100 85 33 61 . . . . 100 100 100 . . . . 28 97 88 47 . . . . Level 1 19 | . . . . . 14 45 38 . . . . . . . . . . . 71 2 11 20 14 . . . Level 2 8 | . . . . . . 21 . . . . . . . . . . . . . . . 31 15 . . . Level 3 . | . . . . . . . . . . . . . . . . . . . . . . . 5 . . . Level 4 1 | . . . . . . . . . . . . . . . . . . . . . . . 19 . . . Level 5 17 | . . . . . . . . . . . . . . . . . . . . . . . 41 22 100 . High Security 2 | . . . . . . . . . . . . . . . . . . . . . . . 3 77 . . Max Security . | . . . . . . . . . . . . . . . . . . . . . . . . . . . Peak Influence 4502 | . 165 . 87 41 241 464 294 . . . . 87 17 193 . . . . 389 321 282 498 3116 4502 3387 . Initial 2874 | . . . 22 17 . 53 294 . . . . 65 17 1 . . . . 18 129 180 101 266 1872 2874 . Average 424 | . 79 . 24 6 125 226 172 . . . . 63 2 89 . . . . 223 73 130 259 1599 3076 3223 . Influence Increases 16301 | . 643 200 494 139 526 765 283 210 . 175 410 44 54 635 155 480 10 504 743 757 550 819 3493 2760 828 624 Destroy 0b10 Robot/C 8480 | . 300 120 260 40 340 240 60 100 . 160 260 . . 360 120 360 . 380 420 220 280 500 1720 1700 540 . Destroy 0b10 Robot/NC 790 | . 10 . 50 20 20 415 . 10 . . . 5 . 30 15 . 10 10 15 15 . 30 70 65 . . Destroy Leader 1354 | . 70 20 92 22 120 . 20 10 . . 30 . . 82 20 30 . 40 72 44 60 64 182 286 90 . Allied During Kill 87 | . . . . . . . . . . . . . . . . . . 44 . . . . . 43 . . Successful Hack 297 | . 37 . 41 36 14 24 . . . . . 22 . . . . . . 50 55 . 18 . . . . Select Force Hacks 60 | . 30 . 30 . . . . . . . . . . . . . . . . . . . . . . . Disable Machine 1005 | . . . 15 15 15 15 45 . . . . 15 . 45 . . . . 15 195 15 60 255 60 60 180 Anti-Garrison Action 150 | . . . . . . . . . . . . . . . . . . . . . . . 150 . . . Destroy Structure 2673 | . 1 . 6 6 2 71 28 . . . . 2 54 118 . . . . 96 228 150 132 1026 186 123 444 Advance Influence 100 | . . . . . . . 100 . . . . . . . . . . . . . . . . . . . Partial Spotted 15 | . . . . . . . . . . . . . . . . . . . . . . . . 15 . . Lose Combat Pursuer 1290 | . 195 60 . . 15 . 30 90 . 15 120 . . . . 90 . 30 75 . 45 15 90 405 15 . Influence Decreases 15687 | . 484 315 499 178 388 439 642 244 71 74 407 99 101 444 348 303 187 477 539 667 691 525 846 1389 1868 3462 Entered New Map 7811 | . . 77 22 22 . 85 270 40 15 . 101 39 32 1 72 . 177 . 9 102 141 79 208 1249 1618 3452 Time Decay 7375 | . 464 238 477 156 388 354 342 204 56 64 306 60 69 423 266 303 10 465 370 426 550 446 638 70 230 . Lost Part 160 | . 20 . . . . . 20 . . 10 . . . 20 10 . . 10 10 . . . . 30 20 10 Lost Ally 52 | . . . . . . . 10 . . . . . . . . . . 2 . . . . . 40 . . Purge Threat 289 | . . . . . . . . . . . . . . . . . . . 150 139 . . . . . . Squads Dispatched 96 | . 4 . 9 1 3 . 1 . . . . . . 7 . 1 . . 9 5 1 10 17 25 3 . Investigation 8 | . 2 . 2 . . . . . . . . . . 1 . . . . 2 . . 1 . . . . Extermination 22 | . . . . 1 1 . 1 . . . . . . 4 . . . . 3 3 . 4 4 . 1 . Reinforcement 24 | . 2 . 3 . 2 . . . . . . . . 2 . . . . 1 2 1 2 3 6 . . Assault 32 | . . . 2 . . . . . . . . . . . . 1 . . . . . . 10 17 2 . Garrison 10 | . . . 2 . . . . . . . . . . . . . . . 3 . . 3 . 2 . . Intercept . | . . . . . . . . . . . . . . . . . . . . . . . . . . . Searches Triggered . | . . . . . . . . . . . . . . . . . . . . . . . . . . . Construction Impeded 1 | . . . . . . . . . . . . . . 1 . . . . . . . . . . . . Haulers Reinforced 4 | . . . . . . . . . . . . . . . . . . . . . 1 1 . 2 . . Active Scanning Responses . | . . . . . . . . . . . . . . . . . . . . . . . . . . . Cargo Convoy Interrupts . | . . . . . . . . . . . . . . . . . . . . . . . . . . . Stealth | -11 -10 -10 -8 -7 -7 -7 -5 -5 -5 -5 -4 -4 -4 -4 -4 -4 -4 -3 -3 -3 -2 -2 -2 -1 -1 -1 --------- Run | Yrd Mat Sub Mat Fac Sto Rec Fac Upp Upp War Pro Fac Was Fac Upp Upp Zhi Pro Res Tes Res Qua Frg Acc Com Ac0 Distress Signals 53 | . 1 . 3 . 4 1 . . . . . . . 1 . . . . 1 . 8 3 . 6 25 . Communications Jammed 4 | . . . . . . . . . . . . . . . . . . . . . . 4 . . . . Distress Signals 4 | . . . . . . . . . . . . . . . . . . . . . . 4 . . . . Times Spotted 715 | . 39 15 24 7 21 10 7 12 . 42 27 1 6 27 6 23 . 20 37 19 15 36 91 106 32 92 Peak Tracking Total 16 | . 4 3 5 3 5 2 2 5 . 12 10 1 2 4 3 7 . 9 10 4 5 7 8 16 9 5 Tactical Retreats 52 | . 10 2 . . 1 . 2 3 . 1 4 . . . . 3 . 1 5 . 3 1 3 9 1 3 Traps | -11 -10 -10 -8 -7 -7 -7 -5 -5 -5 -5 -4 -4 -4 -4 -4 -4 -4 -3 -3 -3 -2 -2 -2 -1 -1 -1 ------- Run | Yrd Mat Sub Mat Fac Sto Rec Fac Upp Upp War Pro Fac Was Fac Upp Upp Zhi Pro Res Tes Res Qua Frg Acc Com Ac0 Traps Triggered 24 | . 4 . . . . . 2 . . . . 1 . . 1 . . . 2 2 . 1 10 1 . . Indirectly . | . . . . . . . . . . . . . . . . . . . . . . . . . . . Trap Hack Attempts . | . . . . . . . . . . . . . . . . . . . . . . . . . . . Triggered . | . . . . . . . . . . . . . . . . . . . . . . . . . . . Disarmed . | . . . . . . . . . . . . . . . . . . . . . . . . . . . Reprogrammed . | . . . . . . . . . . . . . . . . . . . . . . . . . . . Reused . | . . . . . . . . . . . . . . . . . . . . . . . . . . . Traps Extracted . | . . . . . . . . . . . . . . . . . . . . . . . . . . . Installed . | . . . . . . . . . . . . . . . . . . . . . . . . . . . Triggered . | . . . . . . . . . . . . . . . . . . . . . . . . . . . Machines | -11 -10 -10 -8 -7 -7 -7 -5 -5 -5 -5 -4 -4 -4 -4 -4 -4 -4 -3 -3 -3 -2 -2 -2 -1 -1 -1 ---------- Run | Yrd Mat Sub Mat Fac Sto Rec Fac Upp Upp War Pro Fac Was Fac Upp Upp Zhi Pro Res Tes Res Qua Frg Acc Com Ac0 Machines Disabled 90 | . . 1 1 1 1 1 3 . . 1 . 1 . 3 . . . . 1 14 1 4 36 4 4 13 Max in Single Turn 2 | . . 1 1 1 1 1 1 . . 1 . 1 . 1 . . . . 1 2 1 1 2 2 1 1 Garrison Access 5 | . . . 1 . . . 1 . . . . . . . . . . . . . 1 . 1 1 . . Machines Repaired . | . . . . . . . . . . . . . . . . . . . . . . . . . . . Machines Dismantled 1 | . . . . . . . . . . 1 . . . . . . . . . . . . . . . . Machines Sabotaged . | . . . . . . . . . . . . . . . . . . . . . . . . . . . Overloaded Fab Kills . | . . . . . . . . . . . . . . . . . . . . . . . . . . . Hacking | -11 -10 -10 -8 -7 -7 -7 -5 -5 -5 -5 -4 -4 -4 -4 -4 -4 -4 -3 -3 -3 -2 -2 -2 -1 -1 -1 --------- Run | Yrd Mat Sub Mat Fac Sto Rec Fac Upp Upp War Pro Fac Was Fac Upp Upp Zhi Pro Res Tes Res Qua Frg Acc Com Ac0 Machines Accessed 94 | . 8 2 11 3 3 10 3 3 2 2 . 2 . 8 1 . 5 . 8 10 2 5 4 . . 2 Terminals 52 | . 7 . 8 2 3 5 1 . . . . 2 . 5 . . . . 4 7 1 4 3 . . . Fabricators 1 | . . . . . . . . . . . . . . . . . . . 1 . . . . . . . Repair Stations 1 | . . . 1 . . . . . . . . . . . . . . . . . . . . . . . Recycling Units 6 | . 1 . 1 . . 3 . . . . . . . 1 . . . . . . . . . . . . Scanalyzers 12 | . . . 1 1 . . 1 . . . . . . 1 . . . . 3 3 . 1 1 . . . Garrison Access 3 | . . . . . . . 1 . . . . . . 1 . . . . . . 1 . . . . . Total Hacks 246 | . 25 5 22 11 4 26 3 7 5 8 . 6 . 13 1 . 18 . 25 26 4 10 8 . . 19 Successful 138 | . 10 5 11 5 3 13 2 7 5 8 . 3 . 1 1 . 18 . 9 12 . 4 2 . . 19 Failed 108 | . 15 . 11 6 1 13 1 . . . . 3 . 12 . . . . 16 14 4 6 6 . . . Catastrophic 20 | . 2 . 1 . . 4 1 . . . . . . 4 . . . . 3 1 . 2 2 . . . Database Lockouts . | . . . . . . . . . . . . . . . . . . . . . . . . . . . Manual 118 | . 25 . 19 8 1 11 1 . . . . 4 . 6 . . . . 15 14 . 9 5 . . . Terminals 128 | . 23 . 18 9 4 8 1 . . . . 6 . 8 . . . . 16 19 1 9 6 . . . Fabricators 2 | . . . . . . . . . . . . . . . . . . . 2 . . . . . . . Repair Stations 2 | . . . 2 . . . . . . . . . . . . . . . . . . . . . . . Recycling Units 13 | . 2 . 1 . . 9 . . . . . . . 1 . . . . . . . . . . . . Scanalyzers 23 | . . . 1 2 . . 1 . . . . . . 2 . . . . 7 7 . 1 2 . . . Garrison Access 6 | . . . . . . . 1 . . . . . . 2 . . . . . . 3 . . . . . Terminal Hacks 88 | . 1 5 1 1 3 9 . 7 5 8 . 2 . 1 1 . 18 . 1 4 . 1 1 . . 19 Record 42 | . . 4 . . . 7 . 5 4 . . . . . . . 6 . . . . . . . . 16 Part Schematic 6 | . . . 1 . . . . . . . . 1 . . . . 4 . . . . . . . . . Robot Analysis 5 | . 1 . . . . . . . . . . . . . . . 4 . . . . . . . . . Prototype ID Bank 12 | . . . . . . . . . . 7 . . . . . . 4 . . 1 . . . . . . Open Door 8 | . . . . . 3 . . 2 1 1 . . . . 1 . . . . . . . . . . . Branch Access Points 3 | . . . . . . . . . . . . 1 . 1 . . . . . 1 . . . . . . Terminal Index 1 | . . . . 1 . . . . . . . . . . . . . . . . . . . . . . Unreport Threat 2 | . . . . . . . . . . . . . . . . . . . 1 1 . . . . . . Patrol Status 1 | . . . . . . . . . . . . . . . . . . . . 1 . . . . . . Zone Layout 1 | . . . . . . . . . . . . . . . . . . . . . . 1 . . . . Proto ID Catalog 2 | . . 1 . . . . . . . . . . . . . . . . . . . . 1 . . . Release Object 2 | . . . . . . 2 . . . . . . . . . . . . . . . . . . . . Gate Test 138-A 1 | . . . . . . . . . . . . . . . . . . . . . . . . . . 1 Gate Test 138-B 1 | . . . . . . . . . . . . . . . . . . . . . . . . . . 1 Gate Test 138-C 1 | . . . . . . . . . . . . . . . . . . . . . . . . . . 1 Fabricator Hacks 2 | . . . . . . . . . . . . . . . . . . . 2 . . . . . . . Load Schematic 1 | . . . . . . . . . . . . . . . . . . . 1 . . . . . . . Build 1 | . . . . . . . . . . . . . . . . . . . 1 . . . . . . . Repair Station Hacks 2 | . . . 2 . . . . . . . . . . . . . . . . . . . . . . . Scan Component 1 | . . . 1 . . . . . . . . . . . . . . . . . . . . . . . Repair 1 | . . . 1 . . . . . . . . . . . . . . . . . . . . . . . Recycling Unit Hacks 1 | . . . . . . 1 . . . . . . . . . . . . . . . . . . . . Retrieve Components 1 | . . . . . . 1 . . . . . . . . . . . . . . . . . . . . Scanalyzer 11 | . . . 1 1 . . 1 . . . . . . . . . . . 5 3 . . . . . . Insert Component 11 | . . . 1 1 . . 1 . . . . . . . . . . . 5 3 . . . . . . Garrison Access Hacks 1 | . . . . . . . 1 . . . . . . . . . . . . . . . . . . . Seal Access 1 | . . . . . . . 1 . . . . . . . . . . . . . . . . . . . Unauthorized Hacks 33 | . 9 . 7 3 . 3 . . . . . 1 . . . . . . 1 5 . 3 1 . . . Terminals 30 | . 8 . 6 3 . 2 . . . . . 1 . . . . . . 1 5 . 3 1 . . . Track 8 | . . . . 1 . . . . . . . . . . . . . . 1 2 . 3 1 . . . Botnet 7 | . 2 . 1 1 . . . . . . . 1 . . . . . . . 2 . . . . . . Operators 2 | . . . . 1 . . . . . . . . . . . . . . . 1 . . . . . . Skim 13 | . 6 . 5 . . 2 . . . . . . . . . . . . . . . . . . . . Fabricators . | . . . . . . . . . . . . . . . . . . . . . . . . . . . Repair Stations . | . . . . . . . . . . . . . . . . . . . . . . . . . . . Recycling Units 3 | . 1 . 1 . . 1 . . . . . . . . . . . . . . . . . . . . Mask 1 | . . . . . . 1 . . . . . . . . . . . . . . . . . . . . Tunnel 2 | . 1 . 1 . . . . . . . . . . . . . . . . . . . . . . . Scanalyzers . | . . . . . . . . . . . . . . . . . . . . . . . . . . . Garrison Access . | . . . . . . . . . . . . . . . . . . . . . . . . . . . Data Cores Recovered 1 | . . . . . . . . . . . . . . . . . . . 1 . . . . . . . Used 1 | . . . . . . . . . . . . . . . . . . . 1 . . . . . . . Hacking Detections 64 | . 7 . 8 2 1 8 1 . . . . 2 . 6 . . . . 8 10 2 5 4 . . . Full Trace Events 5 | . 1 . . . . 2 . . . . . . . 1 . . . . 1 . . . . . . . Feedback Events . | . . . . . . . . . . . . . . . . . . . . . . . . . . . Feedback Blocked . | . . . . . . . . . . . . . . . . . . . . . . . . . . . Robot Schematics Acquired 3 | . . . . . . . . . . . . . . . . . . . . . . . 3 . . . Robots Built . | . . . . . . . . . . . . . . . . . . . . . . . . . . . Authchips . | . . . . . . . . . . . . . . . . . . . . . . . . . . . Time . | . . . . . . . . . . . . . . . . . . . . . . . . . . . Total Robot Build Rating . | . . . . . . . . . . . . . . . . . . . . . . . . . . . Part Schematics Acquired 17 | . . . 1 . . . . . . . . 1 . . . . 4 . . . . 2 9 . . . Parts Built 2 | . . . . . . . . . . . . . . . . . . . 2 . . . . . . . Authchips . | . . . . . . . . . . . . . . . . . . . . . . . . . . . Time 95 | . . . . . . . . . . . . . . . . . . . 95 . . . . . . . Total Part Build Rating 10 | . . . . . . . . . . . . . . . . . . . 10 . . . . . . . Parts Repaired 1 | . . . 1 . . . . . . . . . . . . . . . . . . . . . . . Time 38 | . . . 38 . . . . . . . . . . . . . . . . . . . . . . . Parts Recycled . | . . . . . . . . . . . . . . . . . . . . . . . . . . . Recycled Matter . | . . . . . . . . . . . . . . . . . . . . . . . . . . . Retrieved Matter . | . . . . . . . . . . . . . . . . . . . . . . . . . . . Retrieved Components 3 | . . . . . . 3 . . . . . . . . . . . . . . . . . . . . Parts Scanalyzed 1 | . . . . 1 . . . . . . . . . . . . . . . . . . . . . . Part Schematics Acquired . | . . . . . . . . . . . . . . . . . . . . . . . . . . . Parts Damaged . | . . . . . . . . . . . . . . . . . . . . . . . . . . . Bothacking | -11 -10 -10 -8 -7 -7 -7 -5 -5 -5 -5 -4 -4 -4 -4 -4 -4 -4 -3 -3 -3 -2 -2 -2 -1 -1 -1 ------------ Run | Yrd Mat Sub Mat Fac Sto Rec Fac Upp Upp War Pro Fac Was Fac Upp Upp Zhi Pro Res Tes Res Qua Frg Acc Com Ac0 Used RIF Installer . | . . . . . . . . . . . . . . . . . . . . . . . . . . . Robots Hacked . | . . . . . . . . . . . . . . . . . . . . . . . . . . . Non-combat . | . . . . . . . . . . . . . . . . . . . . . . . . . . . Combat . | . . . . . . . . . . . . . . . . . . . . . . . . . . . Robot Hacks Applied . | . . . . . . . . . . . . . . . . . . . . . . . . . . . Relay Couplers Released 8 | . . . 2 . . . . . . . . . . . . . . . . . . . 4 2 . . Machine Destruction 8 | . . . 2 . . . . . . . . . . . . . . . . . . . 4 2 . . Fabnet Peak Effective % . | . . . . . . . . . . . . . . . . . . . . . . . . . . . Robots Rewired 5 | . . . . . . 1 . 2 . . . . . . . 2 . . . . . . . . . . Allies Hacked . | . . . . . . . . . . . . . . . . . . . . . . . . . . . Hacks Repelled . | . . . . . . . . . . . . . . . . . . . . . . . . . . . Allies | -11 -10 -10 -8 -7 -7 -7 -5 -5 -5 -5 -4 -4 -4 -4 -4 -4 -4 -3 -3 -3 -2 -2 -2 -1 -1 -1 -------- Run | Yrd Mat Sub Mat Fac Sto Rec Fac Upp Upp War Pro Fac Was Fac Upp Upp Zhi Pro Res Tes Res Qua Frg Acc Com Ac0 Total Allies 5 | . . . . . . 1 . 2 . . . . . . . 2 . . . . . . . . . . Largest Group 2 | . . . . . . 1 1 2 . . . . . . . 2 2 2 . . . . . . . . Highest-Rated Group 94 | . . . . . . 40 40 58 . . . . . . . 94 94 94 . . . . . . . . Highest-Rated Ally 47 | . . . . . . 40 40 29 . . . . . . . 47 47 47 . . . . . . . . Total Orders 104 | . . . . . . . . . . 4 . . . . . . 2 . . . 10 . . 88 . . STAY 3 | . . . . . . . . . . . . . . . . . 1 . . . 1 . . 1 . . FOLLOW 1 | . . . . . . . . . . . . . . . . . 1 . . . . . . . . . EXPLORE 43 | . . . . . . . . . . 2 . . . . . . . . . . 4 . . 37 . . RETURN 57 | . . . . . . . . . . 2 . . . . . . . . . . 5 . . 50 . . Ally Attacks 62 | . . . . . . . . 5 . . . . . . . . . 24 . . . . . 33 . . Total Damage 2226 | . . . . . . . . 57 . . . . . . . . . 758 . . . . . 1411 . . Kills 12 | . . . . . . . . . . . . . . . . . . 3 . . . . . 9 . . Allies Corrupted 1 | . . . . . . . . 1 . . . . . . . . . . . . . . . . . . Allies Melted 1 | . . . . . . . . . . 1 . . . . . . . . . . . . . . . . Intel | -11 -10 -10 -8 -7 -7 -7 -5 -5 -5 -5 -4 -4 -4 -4 -4 -4 -4 -3 -3 -3 -2 -2 -2 -1 -1 -1 ------- Run | Yrd Mat Sub Mat Fac Sto Rec Fac Upp Upp War Pro Fac Was Fac Upp Upp Zhi Pro Res Tes Res Qua Frg Acc Com Ac0 Active Infowar (turns) 17104 | . . 285 1584 648 137 24 519 2003 1001 529 1431 65 393 1414 1432 1110 176 14 479 883 1567 860 550 . . . Sensors 8176 | . . . . 391 137 . 474 858 . . . . . 167 1432 1110 176 14 73 828 1430 757 329 . . . IFF 5378 | . . . . . . . 17 1145 1001 529 1431 65 393 797 . . . . . . . . . . . . Terrain 1305 | . . . . . . 1 185 . . . . . . 139 . . . . 294 20 552 114 . . . . Structural 28 | . . . . . . 23 3 . . . . . . 2 . . . . . . . . . . . . Seismic 2334 | . . 285 1584 257 . . . . . . . . . . . . . . . 208 . . . . . . Decoding 1190 | . . . . . . . . . . . . . . 1190 . . . . . . . . . . . . Machine Analysis 1 | . . . . . . . . . . . . . . 1 . . . . . . . . . . . . Cloaking 345 | . . . . . . . . . . . . . . . . . . . 145 . . . 200 . . . Jamming 892 | . . . . . . . . . . . . . . . . . . . . . . 652 240 . . . ECM 142 | . . . . . . . . . . . . . . . . . . . 105 36 . . 1 . . . Robot Analysis Total 5 | . 1 . . . . . . . . . . . . . . . 4 . . . . . . . . . Derelict Logs Recovered 12 | . . 1 . . . . . 3 2 . 1 . . . 3 2 . . . . . . . . . . Drone Launches 57 | . . . . . . . . . . 2 . . . . . . . . . . 6 . . 49 . . Drone Recoveries 53 | . . . . . . . . . . 2 . . . . . . . . . . 6 . . 45 . . Decoded 0b10 Intel 36 | . . . . . . . . . . . . . . 36 . . . . . . . . . . . . Traps 3 | . . . . . . . . . . . . . . 3 . . . . . . . . . . . . Emergency Access 5 | . . . . . . . . . . . . . . 5 . . . . . . . . . . . . Items 22 | . . . . . . . . . . . . . . 22 . . . . . . . . . . . . Machines 3 | . . . . . . . . . . . . . . 3 . . . . . . . . . . . . Patrols 2 | . . . . . . . . . . . . . . 2 . . . . . . . . . . . . Exits 1 | . . . . . . . . . . . . . . 1 . . . . . . . . . . . . Exploration | -11 -10 -10 -8 -7 -7 -7 -5 -5 -5 -5 -4 -4 -4 -4 -4 -4 -4 -3 -3 -3 -2 -2 -2 -1 -1 -1 ------------- Run | Yrd Mat Sub Mat Fac Sto Rec Fac Upp Upp War Pro Fac Was Fac Upp Upp Zhi Pro Res Tes Res Qua Frg Acc Com Ac0 Turns Passed 43905 | 112 1660 2626 2085 776 1117 8191 776 2476 1164 940 2241 137 398 1491 1536 1110 176 1351 1025 1179 1597 1116 2354 659 3835 1777 Spaces Moved 27785 | 64 883 1498 1155 437 456 2447 494 1521 1015 679 1402 70 165 978 1546 1314 177 1178 785 944 765 608 1923 629 2793 1859 Core 7 | 7 . . . . . . . . . . . . . . . . . . . . . . . . . . Treads 12359 | 57 883 1498 554 . 214 896 . . . . 1281 70 165 754 . 1118 177 761 . . 208 608 1775 629 711 . Legs 4354 | . . . . . . 101 . . . . 71 . . . . . . 59 . . 42 . 140 . 2082 1859 Wheels 3313 | . . . 601 437 242 825 . . . . . . . . . . . 358 785 65 . . . . . . Hover 6011 | . . . . . . 625 494 1004 1015 679 50 . . 224 1546 196 . . . . 170 . 8 . . . Flight 1741 | . . . . . . . . 517 . . . . . . . . . . . 879 345 . . . . . Fastest Speed 50 | 50 160 160 105 150 135 73 123 108 108 108 108 167 167 67 67 67 67 67 67 94 90 90 59 59 59 72 Average Speed 107 | 147 160 160 146 150 188 135 123 136 108 113 140 167 167 103 67 67 67 67 81 94 183 113 73 59 68 72 Slowest Speed 262 | 160 160 160 232 150 241 198 123 153 108 123 191 167 167 195 67 67 67 67 94 94 262 156 156 59 72 72 Overloaded Moves 35 | . . . . . . . . . . . . . . . . . . . . . 35 . . . . . Propulsion Burnouts . | . . . . . . . . . . . . . . . . . . . . . . . . . . . Robots Hopped . | . . . . . . . . . . . . . . . . . . . . . . . . . . . Potential Cave-ins 21 | . . . . . . . . . . . . . . . . . . . . 5 . . 16 . . . Cave-ins Triggered . | . . . . . . . . . . . . . . . . . . . . . . . . . . . Teleports 4 | . . . . . . . . . . . . . . . . . . . . . . . 1 . 1 2 Exploration Rate (%) 61 | 4 98 57 65 16 56 99 10 99 96 95 96 3 82 25 98 98 62 93 25 87 40 56 36 34 48 87 Regions Visited 26 Branch Regions 16 Pre-discovered Areas 11 | . 1 . 2 . . . . 1 2 . . . . . . 2 3 . . . . . . . . . Known Exits Taken 11 | . . . 1 1 1 . 1 1 . . . . . 1 . . . 1 1 1 1 1 . . . . Unknown Exits Taken 13 | 1 1 1 . . . 1 . . 1 1 1 . . . 1 1 1 . . . . . 1 1 1 . Scrap Searched 22 | . . 3 . . . . . 4 5 . 1 . . . 5 2 . 2 . . . . . . . . Spaces Dug 338 | . . 1 . 4 . 7 5 5 6 3 4 . 8 27 6 2 . 41 42 104 19 36 13 1 1 3 Terrain Destroyed 999 | . . 2 3 4 . 74 14 16 7 18 32 1 31 59 10 22 . 44 51 128 63 65 152 66 49 88 Melee 6 | . . 1 . 4 . 1 . . . . . . . . . . . . . . . . . . . . Projectile 797 | . . 1 3 . . 73 14 6 7 6 23 1 31 58 10 10 . 6 51 87 41 42 144 46 49 88 AOE 196 | . . . . . . . . 10 . 12 9 . . 1 . 12 . 38 . 41 22 23 8 20 . . Terrain Rammed . | . . . . . . . . . . . . . . . . . . . . . . . . . . . Walls Destroyed . | . . . . . . . . . . . . . . . . . . . . . . . . . . . Machines Disabled . | . . . . . . . . . . . . . . . . . . . . . . . . . . . Actions | -11 -10 -10 -8 -7 -7 -7 -5 -5 -5 -5 -4 -4 -4 -4 -4 -4 -4 -3 -3 -3 -2 -2 -2 -1 -1 -1 --------- Run | Yrd Mat Sub Mat Fac Sto Rec Fac Upp Upp War Pro Fac Was Fac Upp Upp Zhi Pro Res Tes Res Qua Frg Acc Com Ac0 Total 39962 | 78 1029 1645 1465 529 635 7116 614 1850 1082 819 1616 84 222 1326 2001 1503 226 1691 1072 1155 925 922 2632 868 4661 2196 Wait 8243 | 3 52 38 125 45 70 4258 16 220 38 17 135 . 18 60 350 108 4 433 85 48 14 133 233 36 1678 26 Move 27760 | 63 882 1497 1154 436 455 2446 493 1520 1014 678 1401 70 164 977 1545 1313 176 1177 784 943 764 607 1923 628 2792 1858 Hop . | . . . . . . . . . . . . . . . . . . . . . . . . . . . Pick Up 523 | 6 14 16 46 9 18 40 19 8 10 30 2 2 2 35 18 6 12 8 28 18 33 13 68 14 34 14 Fast Attach 138 | 6 6 3 14 . 7 1 4 2 2 4 3 . 2 20 3 1 3 6 7 8 9 4 14 1 5 3 Attach 110 | . 2 1 9 3 . 3 4 3 1 7 . 2 1 11 2 5 4 2 5 4 7 3 12 6 9 4 Detach 36 | . . . 1 . . 8 2 2 . . . . . 6 1 4 1 2 3 . 1 3 . . 2 . Swap 488 | . 4 16 21 14 16 4 15 8 2 10 19 6 5 45 13 1 3 8 21 28 25 44 68 38 22 32 Drop 576 | . 11 21 45 6 25 51 18 8 11 34 5 . 4 46 21 7 12 11 32 29 37 17 71 8 33 13 Fire 1920 | . 50 38 38 9 41 268 42 68 4 30 51 2 26 102 47 39 11 44 99 77 35 94 243 131 85 246 Melee 42 | . . 7 9 6 2 1 . . . . . . . 17 . . . . . . . . . . . . Ram 1 | . . . . . . 1 . . . . . . . . . . . . . . . . . . . . Kick . | . . . . . . . . . . . . . . . . . . . . . . . . . . . Crush 25 | . 8 . 2 . 1 . . . . . . . . 3 . . . . . . . 4 . 6 1 . Escape Stasis 8 | . . . . . . . . . . . . . . . . . . . 8 . . . . . . . Rewire 67 | . . . . . . 35 . 11 . 1 . . . . 1 19 . . . . . . . . . . Trap . | . . . . . . . . . . . . . . . . . . . . . . . . . . . Miscellaneous 25 | . . 8 1 1 . . 1 . . 8 . 2 . 4 . . . . . . . . . . . . Route ------- -11/Scrapyard -10/Materials (discovered 6 exits: [*Mat x3] / [*Min x2] / *Sub) -10/Subcaves -8/Materials (discovered 3 exits: *Fac x3) -7/Factory -7/Storage -7/Recycling -5/Factory -5/Upper Caves -5/Upper Caves (discovered 2 exits: *Fac / *War) -5/Warlord -4/Proximity Caves -4/Factory (discovered 2 exits: Upp x2) -4/Waste -4/Factory (discovered 5 exits: *Res x3 / *Upp x2) -4/Upper Caves -4/Upper Caves (discovered 2 exits: *Res / *Zhi) -4/Zhirov -3/Proximity Caves -3/Research (discovered 4 exits: Res x2 / Arm / *Tes) -3/Testing -2/Research -2/Quarantine (discovered 2 exits: [*Sec] / *Frg) -2/Protoforge -1/Access -1/Command (discovered 3 exits: [*Sur x2] / *Ac0) -1/Access_0 0b11 Command History --------- Turn | Location | Event 2 | -11/Scrapyard | Met Revision 17 3 | -11/Scrapyard | Discovered new exit (range 16) 113 | -11/Scrapyard | Entered Materials 316 | -10/Materials | Build established: Mutant 600 | -10/Materials | Discovered new exit (range 3) 703 | -10/Materials | Discovered new exit (range 9) 987 | -10/Materials | Discovered new exit (range 16) 1141 | -10/Materials | Discovered new exit (range 6) 1225 | -10/Materials | Discovered new exit (range 15) 1764 | -10/Materials | Discovered new exit (range 7) 1773 | -10/Materials | Entered Subcaves 1860 | -10/Subcaves | A swath of the cavern ceiling suddenly collapsed 1939 | -10/Subcaves | Visited Clippyterm 1944 | -10/Subcaves | Learned Factory stockpile data 1944 | -10/Subcaves | Learned Factory garrison access intel 2006 | -10/Subcaves | Core integrity fell below 50% 2258 | -10/Subcaves | Visited 4L-MR0's lab 2270 | -10/Subcaves | Learned location of 1 exit from Materials 2278 | -10/Subcaves | Found Meta Core 2755 | -10/Subcaves | A swath of the cavern ceiling suddenly collapsed 3584 | -10/Subcaves | Discovered new exit (range 5) 4346 | -10/Subcaves | Core integrity fell below 20% 4399 | -10/Subcaves | Entered Materials 4399 | -8/Materials | Evolved 4 slots: Propulsion x2, Utility x2 4400 | -8/Materials | Identified exit to Factory 4740 | -8/Materials | Garrison activated, responded to threat 5334 | -8/Materials | Learned Factory emergency access door positions 5359 | -8/Materials | Discovered exit to Factory (range 7) 5403 | -8/Materials | Learned Storage emergency access door positions 5460 | -8/Materials | Learned location of 1 exit from Storage 5508 | -8/Materials | Learned Storage trap positions 5612 | -8/Materials | Learned location of 2 exits from Lower Caves 5617 | -8/Materials | Repaired Adv. Treads 5719 | -8/Materials | Learned location of Storage (-7) 6345 | -8/Materials | Attached Meta Core, gained temporary slots: Propulsion, Utility, Weapon 6484 | -8/Materials | Entered Factory 6484 | -7/Factory | Evolved 2 slots: Propulsion x2 6485 | -7/Factory | Identified exit to Storage 6488 | -7/Factory | Loaded intel: 4 garrison access locations 7260 | -7/Factory | Entered Storage 7261 | -7/Storage | Identified exit to Recycling 7262 | -7/Storage | Loaded intel: 22 trap records 7855 | -7/Storage | Build established: Tank 8371 | -7/Storage | Used back door to open Recycling access 8377 | -7/Storage | Entered Recycling 8487 | -7/Recycling | Build established: Gunner 8971 | -7/Recycling | Discovered new exit (range 16) 9368 | -7/Recycling | Found Prototype Device 9370 | -7/Recycling | Identified Scrap Engine 9631 | -7/Recycling | Build established: Mutant 10933 | -7/Recycling | Build established: Construct 16568 | -7/Recycling | Entered Factory 16568 | -5/Factory | Accompanied by 1 ally 16568 | -5/Factory | Evolved 4 slots: Power x1, Utility x2, Weapon x1 16857 | -5/Factory | Discovered new exit (range 5) 16864 | -5/Factory | Identified exit to Upper Caves 17129 | -5/Factory | Found Prototype Launcher 17133 | -5/Factory | Found Prototype Launcher 17178 | -5/Factory | System corruption reached 10% 17230 | -5/Factory | Identified Mni. Smartbomb Launcher (x2) 17344 | -5/Factory | Entered Upper Caves 17546 | -5/Upper Caves | Attracted the attention of an 0b10 checkpoint 17784 | -5/Upper Caves | Identified exit to Upper Caves 18002 | -5/Upper Caves | Encountered a Warlord checkpoint 18204 | -5/Upper Caves | Ambushed by wild Derelicts 18427 | -5/Upper Caves | Learned Factory stockpile data 18446 | -5/Upper Caves | Entered an active Warlord outpost 18480 | -5/Upper Caves | Learned location of Warlord (-5) 18483 | -5/Upper Caves | Learned Extension emergency access door positions 18483 | -5/Upper Caves | Learned Extension stockpile data 18483 | -5/Upper Caves | Learned Factory garrison access intel 19820 | -5/Upper Caves | Entered another Upper Caves area 20064 | -5/Upper Caves | Discovered new exit (range 12) 20170 | -5/Upper Caves | Entered an active Warlord outpost 20184 | -5/Upper Caves | Learned location of 1 exit from Research 20184 | -5/Upper Caves | Learned Factory stockpile data 20184 | -5/Upper Caves | Learned Research garrison access intel 20491 | -5/Upper Caves | Learned location of Armory (-3) 20715 | -5/Upper Caves | Discovered new exit (range 8) 20984 | -5/Upper Caves | Entered Warlord 21025 | -5/Warlord | System corruption cleaned by Quarantine Array 21226 | -5/Warlord | Discovered new exit (range 51) 21271 | -5/Warlord | Found Prototype Reactor 21277 | -5/Warlord | Found Prototype Processor 21297 | -5/Warlord | Found Prototype Processor 21460 | -5/Warlord | Warlord's base attacked by MAIN.C 21470 | -5/Warlord | Found Prototype Piercing Weapon 21473 | -5/Warlord | Found Prototype Piercing Weapon 21574 | -5/Warlord | Met Warlord 21717 | -5/Warlord | P-70 Sage assimilated allied RG-GAY(Y) 21739 | -5/Warlord | Found Corrupted Prototype Ballistic Cannon 21782 | -5/Warlord | Warlord forces counterattacked 21783 | -5/Warlord | Spotted Striker 21801 | -5/Warlord | Spotted Executioner 21864 | -5/Warlord | Spotted Striker 21869 | -5/Warlord | Found Prototype Ballistic Cannon 21871 | -5/Warlord | Lost 13 allies 21889 | -5/Warlord | P-70 Sage assimilated allied C0-SXZ(g) 21924 | -5/Warlord | Entered Proximity Caves 21941 | -4/Proximity Caves | Lost 4 allies 22030 | -4/Proximity Caves | Found DCF Scrap (12 items) 22600 | -4/Proximity Caves | Discovered new exit (range 15) 22604 | -4/Proximity Caves | Learned location of 1 exit from Research 24153 | -4/Proximity Caves | Attracted the attention of an 0b10 base 24165 | -4/Proximity Caves | Entered Factory 24165 | -4/Factory | Evolved 2 slots: Utility x1, Weapon x1 24167 | -4/Factory | Loaded intel: 4 garrison access locations 24245 | -4/Factory | Identified exit to Upper Caves 24302 | -4/Factory | Sucked down chute 24302 | -4/Factory | Entered Waste 24317 | -4/Waste | EMP discharged 24331 | -4/Waste | Spotted C-40 Crusher 24392 | -4/Waste | Spotted C-40 Crusher 24403 | -4/Waste | Destroyed C-40 Crusher 24413 | -4/Waste | Destroyed C-40 Crusher 24417 | -4/Waste | EMP discharged 24417 | -4/Waste | System corruption reached 10% 24423 | -4/Waste | Spotted C-40 Crusher 24428 | -4/Waste | Destroyed C-40 Crusher 24441 | -4/Waste | Spotted C-40 Crusher 24517 | -4/Waste | EMP discharged 24546 | -4/Waste | Spotted C-40 Crusher 24559 | -4/Waste | Destroyed C-40 Crusher 24562 | -4/Waste | Destroyed C-40 Crusher 24617 | -4/Waste | EMP discharged 24617 | -4/Waste | System corruption reached 30% 24654 | -4/Waste | Discovered new exit (range 16) 24655 | -4/Waste | Spotted C-40 Crusher 24700 | -4/Waste | Entered Factory 24790 | -4/Factory | Identified Vortex Lance (x2) 24943 | -4/Factory | Identified exit to Research 25715 | -4/Factory | Identified Exp. Targeting Computer 25734 | -4/Factory | Discovered exit to Research (range 7) 25790 | -4/Factory | Spotted B-86 Titan 25895 | -4/Factory | Destroyed B-86 Titan 26001 | -4/Factory | Discovered exit to Research (range 8) 26191 | -4/Factory | Entered Upper Caves 26235 | -4/Upper Caves | Encountered a Warlord checkpoint 26310 | -4/Upper Caves | Learned location of 1 exit from Research 26378 | -4/Upper Caves | Learned Research emergency access door positions 26397 | -4/Upper Caves | Learned Research terminal intel 26649 | -4/Upper Caves | Attracted the attention of an 0b10 checkpoint 27406 | -4/Upper Caves | Discovered new exit (range 15) 27727 | -4/Upper Caves | Entered another Upper Caves area 27778 | -4/Upper Caves | Learned location of Testing (-3) 27865 | -4/Upper Caves | Discovered exit to Research (range 11) 28162 | -4/Upper Caves | Encountered a Warlord checkpoint 28181 | -4/Upper Caves | Discovered new exit (range 10) 28316 | -4/Upper Caves | Attracted the attention of an 0b10 checkpoint 28416 | -4/Upper Caves | Attracted the attention of an 0b10 outpost 28837 | -4/Upper Caves | Entered Zhirov 28837 | -4/Zhirov | Accompanied by 2 allies 28837 | -4/Zhirov | Discovered new exit (range 3) 28850 | -4/Zhirov | Met Zhirov 28862 | -4/Zhirov | Learned location of Quarantine (-2) 28862 | -4/Zhirov | Learned location of Command (-1) 28873 | -4/Zhirov | Zhirov requested help retrieving the SGEMP Prototype 28883 | -4/Zhirov | Found Alien Artifact 28884 | -4/Zhirov | Identified Integrated Reactor 28884 | -4/Zhirov | Installed Integrated Reactor, increased core energy generation (+10) 28894 | -4/Zhirov | Found Alien Artifact 29013 | -4/Zhirov | Entered Proximity Caves 29013 | -3/Proximity Caves | Accompanied by 2 allies 29026 | -3/Proximity Caves | Spotted B-86 Titan 29075 | -3/Proximity Caves | Allies destroyed B-86 Titan 29190 | -3/Proximity Caves | Attracted the attention of an 0b10 checkpoint 29531 | -3/Proximity Caves | Identified Exp. Core Analyzer 30220 | -3/Proximity Caves | Discovered exit to Research (range 10) 30364 | -3/Proximity Caves | Entered Research 30364 | -3/Research | Evolved 2 slots: Power x1, Utility x1 30365 | -3/Research | Identified exit to Armory 30366 | -3/Research | Identified exit to Research 30366 | -3/Research | Identified exit to Testing 30368 | -3/Research | Loaded intel: 22 terminal locations 30369 | -3/Research | Loaded intel: 4 garrison access locations 30536 | -3/Research | Fabricated Weapon Mount? 30552 | -3/Research | Garrison activated, responded to threat 30648 | -3/Research | Destroyed 9 combat bots 31195 | -3/Research | Found Quantum Capacitor 31308 | -3/Research | Spotted B-86 Titan 31363 | -3/Research | Identified Transdimensional Reconstructor 31389 | -3/Research | Entered Testing 31523 | -3/Testing | Build established: Hacker-Construct 31584 | -3/Testing | Found Prototype Energy Gun 31806 | -3/Testing | Found Prototype Ballistic Cannon 31859 | -3/Testing | Found Prototype Energy Cannon 31974 | -3/Testing | Discovered exit to Research (range 9) 32087 | -3/Testing | Identified Hyp. EM Gauss Rifle 32149 | -3/Testing | Found Prototype Processor 32149 | -3/Testing | Identified Exp. Target Analyzer 32292 | -3/Testing | Found Prototype Protection 32293 | -3/Testing | Identified Med. Regenerative Plating 32305 | -3/Testing | Found Prototype Protection 32385 | -3/Testing | Spotted PH-01YWKJUSVQ 32431 | -3/Testing | Identified SHELL Armor 32568 | -3/Testing | Entered Research 32568 | -2/Research | Warlord forces began assault on 0b10 32568 | -2/Research | Evolved 2 slots: Utility x2 32678 | -2/Research | Research machine network offline 32738 | -2/Research | Build established: Construct 32904 | -2/Research | Borebot progress halted 32966 | -2/Research | Found Prototype Device 32966 | -2/Research | Identified Exp. Thermal Defense Suite 33127 | -2/Research | Met DD-05H 33129 | -2/Research | Met up with Warlord 33182 | -2/Research | Borebot progress halted 33230 | -2/Research | Borebot progress halted 33321 | -2/Research | Found Prototype Device 33322 | -2/Research | Identified Adv. Kinecellerator 33389 | -2/Research | Spotted Striker 33394 | -2/Research | Destroyed Striker 33869 | -2/Research | Spotted Striker 33871 | -2/Research | Spotted Striker 33880 | -2/Research | Destroyed Striker 33892 | -2/Research | Destroyed Striker 33989 | -2/Research | Found Prototype Device 34070 | -2/Research | Given Cave Seal Controls access code 34080 | -2/Research | Discovered new exit (range 17) 34087 | -2/Research | Identified Adv. EM Shield 34099 | -2/Research | Identified exit to Quarantine 34104 | -2/Research | Found Exp. Core Analyzer 34113 | -2/Research | Found Prototype Processor 34115 | -2/Research | Found Prototype Processor 34117 | -2/Research | Identified Exp. Signal Interpreter (x2) 34165 | -2/Research | Entered Quarantine 34176 | -2/Quarantine | Found Alien Artifact 34196 | -2/Quarantine | Found Alien Artifact 34274 | -2/Quarantine | Found Alien Artifact 34280 | -2/Quarantine | Found Transdimensional Reconstructor 34290 | -2/Quarantine | Garrison activated, responded to threat 34953 | -2/Quarantine | Destroyed 8 combat bots 35079 | -2/Quarantine | Spotted Fortress 35103 | -2/Quarantine | Destroyed Fortress 35120 | -2/Quarantine | Found Prototype Device 35120 | -2/Quarantine | Identified Exp. Force Field 35259 | -2/Quarantine | Discovered new exit (range 6) 35259 | -2/Quarantine | Discovered new exit (range 7) 35265 | -2/Quarantine | Identified exit to Protoforge 35281 | -2/Quarantine | Entered Protoforge 35283 | -2/Protoforge | Superfortress began startup sequence 35408 | -2/Protoforge | Discovered new exit (range 11) 35422 | -2/Protoforge | Identified Dimensional Node Initializer 35422 | -2/Protoforge | Initialized slip node 35471 | -2/Protoforge | Found Prototype Device 35474 | -2/Protoforge | Found Prototype Device 35476 | -2/Protoforge | Identified Cep. Recoil Nullifier (x2) 35531 | -2/Protoforge | Identified Terrabomb 35531 | -2/Protoforge | Used Terrabomb 35531 | -2/Protoforge | Additional patrols dispatched to research labs 35582 | -2/Protoforge | Found Prototype Device 35643 | -2/Protoforge | Spotted Immortal 35660 | -2/Protoforge | Destroyed Immortal 35668 | -2/Protoforge | Destroyed Immortal 35675 | -2/Protoforge | Spotted Decapitator 35675 | -2/Protoforge | Spotted Decapitator 35685 | -2/Protoforge | Destroyed Decapitator 35687 | -2/Protoforge | Destroyed Decapitator 35711 | -2/Protoforge | Found Prototype Device 35711 | -2/Protoforge | Identified Cep. Antimissile System 35715 | -2/Protoforge | Found Prototype Device 35715 | -2/Protoforge | Identified Exp. Cloaking Device 35725 | -2/Protoforge | Identified Crosscalibrator 35768 | -2/Protoforge | Scanned by Researcher 35787 | -2/Protoforge | Found Cep. Matter Streamer 35790 | -2/Protoforge | Found Cep. Chromion Battery 35796 | -2/Protoforge | Found Cep. NT7 Matterbank 35814 | -2/Protoforge | Found Prototype Storage 35818 | -2/Protoforge | Found Prototype Storage 35828 | -2/Protoforge | Identified Cep. Antigrav Storage Unit (x2) 35911 | -2/Protoforge | Found Exp. Remote Shield 35913 | -2/Protoforge | Found Prototype Device 35916 | -2/Protoforge | Identified Exp. EM Disruption Field 35917 | -2/Protoforge | Found Prototype Protection 35926 | -2/Protoforge | Found Prototype Device 35930 | -2/Protoforge | Identified Cep. Reaction Jets 35942 | -2/Protoforge | Identified Cep. Core Shell 35944 | -2/Protoforge | Found Prototype Protection 36057 | -2/Protoforge | Spotted Hotshot 36062 | -2/Protoforge | Spotted Hotshot 36064 | -2/Protoforge | Spotted Hotshot 36076 | -2/Protoforge | Destroyed 14 combat bots 36096 | -2/Protoforge | Destroyed Hotshot 36097 | -2/Protoforge | Spotted Hotshot 36100 | -2/Protoforge | Destroyed Hotshot 36125 | -2/Protoforge | Destroyed Hotshot 36137 | -2/Protoforge | Destroyed Hotshot 36158 | -2/Protoforge | Destroyed 8 combat bots 36196 | -2/Protoforge | Spotted V511-q 36196 | -2/Protoforge | Spotted V142-w 36196 | -2/Protoforge | Spotted V418-n 36196 | -2/Protoforge | Spotted V519-u 36209 | -2/Protoforge | Found Prototype Ballistic Cannon 36212 | -2/Protoforge | Found Prototype Energy Cannon 36214 | -2/Protoforge | Identified Cep. Plasma Driver 36218 | -2/Protoforge | Found Prototype Energy Gun 36219 | -2/Protoforge | Identified Cep. Heavy Railcannon 36220 | -2/Protoforge | Identified Cep. Lightning Penetrator 36222 | -2/Protoforge | Identified Cep. RG22 Armor 36268 | -2/Protoforge | Found Faulty Cep. Helical Railcannon 36270 | -2/Protoforge | Found Faulty Cep. Helical Railcannon 36272 | -2/Protoforge | Found Cep. Plasma Driver 36281 | -2/Protoforge | First assault squad dispatched 36307 | -2/Protoforge | Found Prototype Energy Gun 36309 | -2/Protoforge | Found Prototype Energy Gun 36320 | -2/Protoforge | Destroyed V511-q 36326 | -2/Protoforge | Destroyed V519-u 36342 | -2/Protoforge | Destroyed V142-w 36366 | -2/Protoforge | Destroyed V418-n 36373 | -2/Protoforge | Identified Cep. Disintegration Ray (x2) 36431 | -2/Protoforge | Destroyed 9 combat bots 36470 | -2/Protoforge | Spotted Decapitator 36470 | -2/Protoforge | Spotted Decapitator 36470 | -2/Protoforge | Spotted Decapitator 36569 | -2/Protoforge | Spotted Decapitator 36626 | -2/Protoforge | Found Cep. Network Penetrator 36661 | -2/Protoforge | Spotted AP7-3 36661 | -2/Protoforge | Spotted AP7-3 36691 | -2/Protoforge | System corruption reached 10% 36698 | -2/Protoforge | Destroyed AP7-3 36716 | -2/Protoforge | Destroyed AP7-3 36730 | -2/Protoforge | Found Cep. Thermoelectric Network 36731 | -2/Protoforge | Identified Subatomic Replicator 36731 | -2/Protoforge | Used Subatomic Replicator to replicate Cep. Thermoelectric Network 36738 | -2/Protoforge | Found Prototype Device 36740 | -2/Protoforge | Found Cep. Core Analysis Suite 36744 | -2/Protoforge | Identified Cep. Dimensional Manipulator 36744 | -2/Protoforge | Found Cep. Impact Drone Bay 36747 | -2/Protoforge | Found Faulty Cep. Impact Drone Bay 36752 | -2/Protoforge | Found Prototype Device 36752 | -2/Protoforge | Identified Exp. ECM Suite 36782 | -2/Protoforge | Found Cld. Directed Potential Cannon 36834 | -2/Protoforge | Destroyed 7 combat bots 36870 | -2/Protoforge | Found Alien Artifact 36870 | -2/Protoforge | Identified Cep. Nanofilaments [Conductive] 36870 | -2/Protoforge | Installed Cep. Nanofilaments [Conductive], 2 resistances modified: TH -15%, EM +25% 37000 | -2/Protoforge | Destroyed 9 combat bots 37053 | -2/Protoforge | Spotted Immortal 37060 | -2/Protoforge | Destroyed Immortal 37064 | -2/Protoforge | Spotted V059-t 37064 | -2/Protoforge | Spotted V577-i 37080 | -2/Protoforge | Spotted V602-a 37121 | -2/Protoforge | Spotted Decapitator 37122 | -2/Protoforge | Destroyed Decapitator 37132 | -2/Protoforge | Destroyed Decapitator 37173 | -2/Protoforge | Destroyed 8 combat bots 37182 | -2/Protoforge | Found Prototype Device 37185 | -2/Protoforge | Found Prototype Device 37190 | -2/Protoforge | Identified Cep. Networked Targeting System (x2) 37195 | -2/Protoforge | Found Faulty Mni. Quantum Capacitor 37199 | -2/Protoforge | Found Faulty Mni. Quantum Capacitor 37202 | -2/Protoforge | Found Cep. Weapon Articulator 37451 | -2/Protoforge | Found Corrupted Cep. Lightning Penetrator 37465 | -2/Protoforge | Found Faulty Cep. Variable Chargecaster 37473 | -2/Protoforge | Found Faulty Cep. Variable Chargecaster 37474 | -2/Protoforge | Found Cep. Variable Chargecaster 37489 | -2/Protoforge | Found Cep. Helical Railcannon 37558 | -2/Protoforge | High security lockdown imminent 37558 | -2/Protoforge | Destroyed Superfortress 37559 | -2/Protoforge | Spotted Hotshot 37628 | -2/Protoforge | Warped through subspace to slip node 37635 | -2/Protoforge | Entered Access 37635 | -1/Access | Evolved 2 slots: Utility x2 37780 | -1/Access | High security lockdown imminent 37780 | -1/Access | Garrison activated, responded to threat 37828 | -1/Access | Destroyed 12 combat bots 37834 | -1/Access | Spotted Striker 37835 | -1/Access | Spotted Striker 37855 | -1/Access | Destroyed Striker 37860 | -1/Access | High security lockdown engaged 37861 | -1/Access | Destroyed Striker 37882 | -1/Access | Destroyed 9 combat bots 38011 | -1/Access | Destroyed Striker 38029 | -1/Access | Spotted Striker 38030 | -1/Access | Spotted Striker 38034 | -1/Access | Destroyed Striker 38041 | -1/Access | Destroyed Striker 38044 | -1/Access | Found Exp. Core Analyzer 38072 | -1/Access | Spotted Striker 38081 | -1/Access | Destroyed Striker 38105 | -1/Access | Destroyed 40 combat bots 38135 | -1/Access | Spotted Striker 38135 | -1/Access | Spotted Striker 38137 | -1/Access | Destroyed Striker 38141 | -1/Access | Destroyed Striker 38198 | -1/Access | Spotted Executioner 38257 | -1/Access | Destroyed 11 combat bots 38278 | -1/Access | Spotted B-99 Colossus 38288 | -1/Access | Spotted B-99 Colossus 38293 | -1/Access | Discovered new exit (range 3) 38294 | -1/Access | Entered Command 38365 | -1/Command | Destroyed 7 combat bots 38429 | -1/Command | Spotted M Guard 38430 | -1/Command | Spotted M Guard 38430 | -1/Command | Spotted Combat Programmer 38430 | -1/Command | Spotted Combat Programmer 38443 | -1/Command | System corruption reached 10% 38456 | -1/Command | Destroyed Combat Programmer 38458 | -1/Command | Destroyed Combat Programmer 38479 | -1/Command | Destroyed 8 combat bots 38502 | -1/Command | Destroyed M Guard 38512 | -1/Command | Destroyed M Guard 38512 | -1/Command | All MAIN.C guards destroyed 38520 | -1/Command | Found Prototype Reactor 38521 | -1/Command | Found Prototype Device 38522 | -1/Command | Identified AEGIS Remote Shield 38532 | -1/Command | Found Prototype Protection 38534 | -1/Command | Found Prototype Device 38535 | -1/Command | Identified Thermal Barrier 38544 | -1/Command | First assault squad dispatched 38768 | -1/Command | Met MAIN.C 38772 | -1/Command | 0b10 Conduit disabled 38790 | -1/Command | Destroyed MAIN.C Shell 38792 | -1/Command | MAIN.C activated Command garrisons 38819 | -1/Command | Destroyed MAIN.C 38825 | -1/Command | Identified Zero-point Reactor 38825 | -1/Command | Identified Hvy. Regenerative Plating 38825 | -1/Command | Discovered new exit (range 37) 38825 | -1/Command | Discovered new exit (range 107) 38825 | -1/Command | Extracted map data and part IDs from MAIN.C's data core 38832 | -1/Command | Spotted B-99 Colossus 38919 | -1/Command | Found Exp. System Purifier 40638 | -1/Command | Found Centrium Heavy Armor Plating 40747 | -1/Command | Found Exp. Core Analyzer 40902 | -1/Command | Found Exp. Weapon Cycler 40904 | -1/Command | Found Spectral Analyzer 41058 | -1/Command | Found Exp. Targeting Computer 42121 | -1/Command | Warped through subspace to slip node 42121 | -1/Command | Discovered new exit (range 4) 42129 | -1/Command | Entered Access_0 42131 | -1/Access_0 | Met Architect 42135 | -1/Access_0 | Destroyed A8 42138 | -1/Access_0 | Architect warped through subspace 42182 | -1/Access_0 | Architect warped through subspace 42211 | -1/Access_0 | Architect warped through subspace 42236 | -1/Access_0 | Architect warped through subspace 42255 | -1/Access_0 | Architect warped through subspace 42278 | -1/Access_0 | Architect warped through subspace 42296 | -1/Access_0 | Architect warped through subspace 42301 | -1/Access_0 | Found Exp. Phase Shifter 42307 | -1/Access_0 | Found Prototype Device 42315 | -1/Access_0 | A6 warped into view 42322 | -1/Access_0 | Destroyed A6 42334 | -1/Access_0 | Architect warped through subspace 42353 | -1/Access_0 | Architect warped through subspace 42380 | -1/Access_0 | Architect warped through subspace 42408 | -1/Access_0 | Architect warped through subspace 42428 | -1/Access_0 | Found Sigix Corpse 42446 | -1/Access_0 | Architect warped through subspace 42492 | -1/Access_0 | Architect warped through subspace 42525 | -1/Access_0 | Destroyed A2 42528 | -1/Access_0 | Extracted Singularity Gate Test 138-C access codes from A2's data core 42529 | -1/Access_0 | Identified Desublimator 42539 | -1/Access_0 | Architect warped through subspace 42541 | -1/Access_0 | Found Prototype Device 42542 | -1/Access_0 | Identified ST Field Compressor 42570 | -1/Access_0 | A5 warped into view 42581 | -1/Access_0 | Destroyed A5 42595 | -1/Access_0 | Architect warped through subspace 42618 | -1/Access_0 | Found Integrated Dissipator 42618 | -1/Access_0 | Installed Integrated Dissipator, increased core heat dissipation (+20) 42645 | -1/Access_0 | Architect warped through subspace 42716 | -1/Access_0 | Architect warped through subspace 42782 | -1/Access_0 | Singularity Gate disabled 42785 | -1/Access_0 | Architect warped through subspace 42792 | -1/Access_0 | Singularity Gate disabled 42836 | -1/Access_0 | Architect warped through subspace 42881 | -1/Access_0 | A4 warped into view 42885 | -1/Access_0 | Destroyed A4 42887 | -1/Access_0 | Architect warped through subspace 42931 | -1/Access_0 | Architect warped through subspace 42962 | -1/Access_0 | Architect warped through subspace 42986 | -1/Access_0 | Architect warped through subspace 43009 | -1/Access_0 | Architect warped through subspace 43028 | -1/Access_0 | Architect warped through subspace 43046 | -1/Access_0 | Architect warped through subspace 43066 | -1/Access_0 | Architect warped through subspace 43090 | -1/Access_0 | Architect warped through subspace 43105 | -1/Access_0 | Architect warped through subspace 43129 | -1/Access_0 | Architect warped through subspace 43154 | -1/Access_0 | Architect warped through subspace 43164 | -1/Access_0 | Subspace Access Node disabled 43175 | -1/Access_0 | Architect warped through subspace 43209 | -1/Access_0 | Architect warped through subspace 43230 | -1/Access_0 | Architect warped through subspace 43246 | -1/Access_0 | Architect warped through subspace 43264 | -1/Access_0 | Architect warped through subspace 43292 | -1/Access_0 | Architect warped through subspace 43300 | -1/Access_0 | Subspace Access Node disabled 43315 | -1/Access_0 | Found Integrity Redistributor 43321 | -1/Access_0 | Architect warped through subspace 43342 | -1/Access_0 | Architect warped through subspace 43359 | -1/Access_0 | Architect warped through subspace 43369 | -1/Access_0 | Architect warped through subspace 43395 | -1/Access_0 | Architect warped through subspace 43402 | -1/Access_0 | Subspace Access Node disabled 43407 | -1/Access_0 | Architect warped through subspace 43410 | -1/Access_0 | Architect warped through subspace 43413 | -1/Access_0 | A3 warped into view 43415 | -1/Access_0 | Architect warped through subspace 43415 | -1/Access_0 | Subspace Access Node disabled 43423 | -1/Access_0 | Destroyed Architect 43433 | -1/Access_0 | Destroyed A3 43443 | -1/Access_0 | Extracted unknown sensor trigger ID from Architect's data core 43444 | -1/Access_0 | Found Hpw. Transdimensional Reconstructor 43648 | -1/Access_0 | Found Hpw. Transdimensional Reconstructor 43898 | -1/Access_0 | Warped through subspace to slip node 43898 | -1/Access_0 | Discovered new exit (range 8) 43900 | -1/Access_0 | Warped through subspace to slip node 43901 | -1/Access_0 | Used Integrity Redistributor, redistributed integrity from core (-393) 43902 | -1/Access_0 | Core integrity fell below 50% 43906 | *** | Establishing 0b11! Last Messages --------------- 43475_ Acquired 101 matter. 43558_ Acquired 183 matter. 43582_ Enhanced Grunt destroyed. 43643_ Workstation disabled. 43646_ Dropped Enh. Nova Cannon. 43648_ Acquired Hpw. Transdimensional Reconstructor. 43746_ Knocked back. 43747_ Acquired 12 matter. 43749_ Destroyed Prototype Energy Gun. 43749_ Enhanced Sentry destroyed. 43756_ Acquired 134 matter. 43764_ Acquired 4 matter. 43801_ Reinforced Shell breached. 43898_ Warped through subspace, drawn to slip node. 43898_ EXIT=FOUND 43900_ Warped through subspace, drawn to slip node. 43901_ Integrity redistributed from core (-393). Map ----- +----------------------------------------------------+ | | | | | | | | | | | | | | | | | | | | | | | | | | | | | | | | | ?????????????????????????????????????????????????? | | ?????????????????????????????????????????????????? | | ?????????????????????????????????????????????????? | | ?????????????????????????????????????????????????? | | ?????????????????????????????????????????????????? | | ?????????????????????????????????????????????????? | | ????????????????????????###??????????????????????? | | ???????????????????????## ##?????????????????????? | | ???????????????????????# #?????????????????????? | | ???????????????????????# @ #?????????????????????? | | ??????????????????????## #?????????????????????? | | ??????????????????????# #?????????????????????? | | ??????????????????????# ##?????????????????????? | | ??????????????????????## #?????????????????????? | | ??????????????????????# #?????????????????????? | | ??????????????????????# ##?????????????????????? | | ??????????????????????# < #?????????????????????? | | ??????????????????????# ##?????????????????????? | | ??????????????????????## #??????????????????????? | | ???????????????????????####??????????????????????? | | ?????????????????????????????????????????????????? | | ?????????????????????????????????????????????????? | | ?????????????????????????????????????????????????? | | ?????????????????????????????????????????????????? | | ?????????????????????????????????????????????????? | | ?????????????????????????????????????????????????? | | ?????????????????????????????????????????????????? | | ?????????????????????????????????????????????????? | | ?????????????????????????????????????????????????? | | ?????????????????????????????????????????????????? | | ?????????????????????????????????????????????????? | | ?????????????????????????????????????????????????? | | ?????????????????????????????????????????????????? | | ?????????????????????????????????????????????????? | +----------------------------------------------------+ Best States ------------- Heat Dissipation 150 Coolant Potential 120 Energy Generation 106 Energy Capacity 5170 Matter Stores 300 Matter Capacity 400 Sight Range 16 Robot Scan Range 18 Terrain Scan Range 24 Terrain Scan Density 210 ECM Strength 1 Jamming Range 14 Cloak Strength 4 Additional Mass Support 12 Armor Coverage 1800 Resistance: EM 50 Propulsion Shielding 33 Utility Shielding 90 Weapon Shielding 90 Weapon Cycling 30 Phase Shifting 20 Evasion (%) 80 Targeting Accuracy 32 Core Analysis 11 Armor Integrity Analysis 40 Recoil Reduction 6 Energy Filtering 30 Particle Charging 30 Kinecelleration 50 Offensive Hacking 22 Defensive Hacking 12 Item Schematics ----------------- Huge Storage Unit | -8/Materials | Hacked Weapon Mount | -4/Factory | Hacked Assault Drone Bay | -4/Zhirov | Free Exp. Heat Sink | -4/Zhirov | Free Exp. Optical Array | -4/Zhirov | Free Imp. Arc Thrower | -4/Zhirov | Free Exp. Signal Interpreter | -2/Quarantine | Archive Cld. Q-thruster | -2/Quarantine | Archive Exp. Melee Analysis Suite | -2/Protoforge | Archive Adv. EM Disruption Field | -2/Protoforge | Archive Exp. Reaction Control System | -2/Protoforge | Archive Prc. Matter Filter | -2/Protoforge | Archive Com. Tesla Bomb Launcher | -2/Protoforge | Archive Exp. Transmission Jammer | -2/Protoforge | Archive Imp. Matter Neutralizer | -2/Protoforge | Archive Exp. Core Analyzer | -2/Protoforge | Archive Exp. EM Disruption Field | -2/Protoforge | Archive Robot Schematics ------------------ A-27 Freighter | -2/Protoforge | Archive R-10 Processor | -2/Protoforge | Archive S-43 Plague | -2/Protoforge | Archive Fabricated ------------ Weapon Mount | x2 | -3/Research Repaired ---------- Adv. Treads | 71% | -8/Materials Alien Tech Used ----------------- Integrated Reactor Dimensional Node Initializer Terrabomb Subatomic Replicator Concept Nanofilaments [Conductive] Transdimensional Reconstructor Integrated Dissipator High-powered Transdimensional Reconstructor Integrity Redistributor Achievements -------------- None Challenges ------------ None Game ------ Seed ThrowingShadeLattice Manual? 0 Play Time 11:45:35 Cumulative 632.2 hours Start 2025.05.25 @ 17:34:49 End 2025.05.27 @ 05:18:33 Sessions 20 Manual Loads 0 Difficulty Rogue Special Mode None Game No. 141 Rogue 141 Adventurer 0 Explorer 0 Win Type 1 Total 38 Types 10/6/7/1/1/1/8/2/1/1 Lore% 69 Gallery% 83 Achievement% 79 Wizard Run 0 Options --------- Layout 1 ASCII 0 Keyboard 0 Movement Mouse Keybinds 0 Fullscreen 2 Font 24/Smallcaps Map View 50x35 Zoom Use 0% Tactical HUD 1 Map Filters NONE Filters NONE Steam 1 RUN: 84e81d46-2f0e-482b-80c6-32357e8ee858